 Dungeon Crawl Stone Soup version 0.28-a0-561-gc72452776e (webtiles) character file.

Game seed: 17255919565559941174

1763728 EnegeticOcto the Conqueror (level 27, 249/249 HPs)
             Began as a Formicid Chaos Knight on Sept 28, 2021.
             Was a Favourite Plaything of Xom.
             Escaped with the Orb
             ... and 3 runes on Sept 29, 2021!
             The game lasted 02:13:45 (58658 turns).

EnegeticOcto the Conqueror (Formicid Chaos Knight) Turns: 58658, Time: 02:13:45

Health: 249/249    AC: 47    Str: 30    XL:     27
Magic:  32/32      EV: 13    Int: 13    God:    Xom [.....*]
Gold:   2361       SH: 20    Dex: 10    Spells: 22/38 levels left

rFire   + . .      SeeInvis +   b - +7 lajatang (flame)
rCold   + + .      Faith    .   e - +3 tower shield {reflect}
rNeg    + . .      Spirit   .   N - +10 plate armour {rF+}
rPois   +          Reflect  +   (helmet unavailable)
rElec   +          Harm     .   l - +2 cloak
rCorr   +          Rampage  .   R - +2 pair of gloves
Will    +++..                   p - +4 pair of boots of Philately {+Blink rElec rPois Str-3}
Stlth   ..........              V - amulet of regeneration
HPRegen 1.51/turn               m - ring "Foufon" {rPois rC+ rN+ Str+6 SInv}
MPRegen 0.23/turn               u - ring "Estray" {rPois Will+ rCorr}

@: studying 2 skills
A: permanent stasis, dig shafts and tunnels, antennae 3, four strong arms, claws
1, cold resistance 1, deterioration 2, passive freeze, shaggy fur 1, weak 1,
wild magic 1, inability to read while threatened, MP-powered wands, sturdy frame
1, noise suppression
0: Orb of Zot
}: 3/15 runes: serpentine, barnacled, slimy
a: Dig, Shaft Self, Renounce Religion


You escaped.
You worshipped Xom.
You were Xom's teddy bear.
You visited 10 branches of the dungeon, and saw 52 of its levels.
You visited the Abyss 1 time.
You visited 1 bazaar.
You also visited: Ice Cave and Wizlab.

You collected 6255 gold pieces.
You spent 3894 gold pieces at shops.

Inventory:

Hand Weapons
 b - a +7 lajatang of flaming (weapon)
   (You acquired it on level 12 of the Dungeon)
 k - the +8 demon trident "Rift" {distort, reach+}
   (You took it off a deep elf annihilator on level 3 of the Elven Halls)

   It warps and distorts space around it, and may blink, banish, or inflict
   extra damage upon those it strikes.
   Unwielding it can cause banishment or high damage.
   It can reach especially far, and its reaching attacks ignore other creatures
   in the way.
Missiles
 g - 14 curare-tipped darts
 X - 4 throwing nets (quivered) {!f}
Armour
 e - a +3 tower shield of reflection (worn)
   (You took it off Louise on level 1 of the Depths)
 l - a +2 cloak (worn)
   (You took it off Crazy Yiuf on level 2 of the Dungeon)
 p - the +4 pair of boots of Philately (worn) {+Blink rElec rPois Str-3}
   (You bought it in a shop on level 2 of the Orcish Mines)

   Str:       It affects your strength (-3).
   rElec:     It insulates you from electricity.
   rPois:     It protects you from poison.
   +Blink:    It lets you blink.
 N - a +10 plate armour of fire resistance (worn)
   (You found it on level 2 of the Orcish Mines)
 R - a +2 pair of gloves (worn)
   (You found it on level 5 of the Lair of Beasts)
Jewellery
 a - the ring of Yrphir {*Slow +Blink rPois rCorr MP+9}
   (Xom gifted it to you on level 4 of the Snake Pit)

   [ring of magical power]

   rPois:     It protects you from poison.
   MP:        It affects your magic capacity (+9).
   +Blink:    It lets you blink.
   rCorr:     It protects you from acid and corrosion.
   *Slow:     It may slow you when you take damage.
 c - the ring of Beaddouth {rF+ Int+3}
   (You found it on level 1 of the Elven Halls)

   [ring of protection from fire]

   Int:       It affects your intelligence (+3).
   rF:        It protects you from fire.
 m - the ring "Foufon" (left hand) {rPois rC+ rN+ Str+6 SInv}
   (You bought it in a shop on level 2 of the Orcish Mines)

   [ring of see invisible]

   Str:       It affects your strength (+6).
   rC:        It protects you from cold.
   rPois:     It protects you from poison.
   rN:        It protects you from negative energy.
   SInv:      It lets you see invisible.
 u - the ring "Estray" (right hand) {rPois Will+ rCorr}
   (You took it off a merfolk impaler on level 4 of the Shoals)

   [ring of resist corrosion]

   rPois:     It protects you from poison.
   rCorr:     It protects you from acid and corrosion.
   Will:      It increases your willpower.
 y - a +4 ring of slaying
   (You found it on level 7 of the Dungeon)
 H - a ring of protection from fire
   (You found it on level 2 of the Depths)
 M - the ring "Yphor" {Fire Slay+3}
   (You found it on level 5 of the Pits of Slime)

   [ring of fire]

   It enhances your fire magic.
   Slay:      It affects your accuracy & damage with ranged weapons and melee
   (+3).
   rF:        It protects you from fire.
   rC:        It makes you vulnerable to cold.
 V - an amulet of regeneration (around neck)
   (You bought it in a shop on level 2 of the Orcish Mines)
 W - a ring of positive energy
   (You found it on level 1 of the Snake Pit)
Wands
 n - a wand of digging (28) {@v3}
   (You found it on level 2 of the Dungeon)
 A - a wand of paralysis (27)
   (You took it off Urug on level 1 of the Lair of Beasts)
 B - a wand of iceblast (26) {@v2}
   (You found it on level 7 of the Dungeon)
 C - a wand of polymorph (20)
   (You found it on level 7 of the Dungeon)
 E - a wand of acid (34) {@v1}
   (You found it on level 9 of the Dungeon)
 F - a wand of flame (46) {@v4}
   (You found it on level 10 of the Dungeon)
 J - a wand of mindburst (26)
   (You found it on level 1 of the Lair of Beasts)
 P - a wand of charming (27)
   (You found it on level 4 of the Lair of Beasts)
Scrolls
 h - 3 scrolls of fog {!r}
 j - 4 scrolls of holy word
 s - 7 scrolls of fear {!r}
 Q - 5 scrolls of immolation
 S - 4 scrolls of vulnerability
 U - 3 scrolls of magic mapping {@r5 !r}
Potions
 d - 3 potions of cancellation
 f - 17 potions of curing {@q1 !q}
 i - 7 potions of attraction
 o - 4 potions of ambrosia
 r - 3 potions of resistance
 w - 6 potions of lignification {@q6}
 x - 2 potions of magic
 z - 3 potions of flight
 I - 5 potions of invisibility
 K - 5 potions of brilliance
 L - 9 potions of mutation
 Y - 9 potions of heal wounds {@q2 !q}
Miscellaneous
 q - a phantom mirror
   (You found it on level 3 of the Elven Halls)
 v - a box of beasts
   (You found it on level 5 of the Pits of Slime)
 D - a phial of floods
   (You found it in an ice cave)
 G - a tin of tremorstones (2/2)
   (You found it on level 10 of the Dungeon)
 O - a lightning rod (4/4)
   (You found it on level 3 of the Depths)
 T - a condenser vane
   (You found it on level 1 of the Snake Pit)


   Skills:
 O Level 27 Fighting
 - Level 3.9(9.7) Polearms
 - Level 13.7(14.0) Staves
 O Level 27 Armour
 - Level 12.0 Dodging
 - Level 3.0 Stealth
 - Level 15.0 Shields
 - Level 6.0 Spellcasting
 - Level 15.0 Summonings
 - Level 10.0 Earth Magic
 + Level 15.3 Evocations


You had 22 spell levels left.
You knew the following spells:

 Your Spells              Type           Power      Damage    Failure   Level
a - Haunt                 Necr/Summ      15%        N/A       100%        7
b - Animate Armour        Summ/Erth      94%        N/A       4%          4
z - Irradiate             Conj/Tmut      2%         3d14      100%        5

Your spell library contained the following spells:

 Spells                   Type           Power      Damage    Failure   Level
 Sandblast                Erth           76%        2d16      1%          1
 Call Imp                 Summ           54%        N/A       1%          2
 Call Canine Familiar     Summ           54%        N/A       1%          3
 Summon Guardian Golem    Hex/Summ       30%        N/A       8%          3
 Passwall                 Tmut/Erth      17%        N/A       11%         2
 Summon Cactus Giant      Summ           27%        N/A       17%         6
 Stone Arrow              Conj/Erth      42%        3d9       21%         3
 Summon Lightning Spire   Summ/Air       30%        N/A       24%         4
 Animate Skeleton         Necr           10%        N/A       45%         1
 Apportation              Tloc           10%        N/A       45%         1
 Beastly Appendage        Tmut           10%        N/A       45%         1
 Foxfire                  Conj/Fire      20%        2x1d5     45%         1
 Magic Dart               Conj           20%        1d4       45%         1
 Pain                     Necr           20%        1d5       45%         1
 Shock                    Conj/Air       20%        1d4       45%         1
 Sting                    Tmut/Pois      20%        1d4       45%         1
 Leda's Liquefaction      Hex/Erth       10%        N/A       52%         4
 Petrify                  Tmut/Erth      21%        N/A       52%         4
 Summon Mana Viper        Hex/Summ       30%        N/A       52%         5
 Corpse Rot               Necr/Air       N/A        N/A       58%         2
 Poisonous Vapours        Pois/Air       10%        N/A       58%         2
 Scorch                   Fire           10%        2d6       58%         2
 Searing Ray              Conj           10%        2d4       58%         2
 Slow                     Hex            5%         N/A       58%         2
 Static Discharge         Conj/Air       5%         N/A       58%         2
 Sublimation of Blood     Necr           2%         N/A       58%         2
 Wereblood                Tmut           5%         N/A       58%         2
 Conjure Flame            Conj/Fire      5%         6-21      80%         3
 Dazzling Flash           Conj/Hex       10%        N/A       80%         3
 Gell's Gravitas          Tloc           2%         N/A       80%         3
 Ignite Poison            Fire/Tmut/Pois 5%         N/A       80%         3
 Inner Flame              Hex/Fire       5%         N/A       80%         3
 Lesser Beckoning         Tloc           5%         N/A       80%         3
 Mephitic Cloud           Conj/Pois/Air  5%         N/A       80%         3
 Portal Projectile        Hex/Tloc       10%        N/A       80%         3
 Spider Form              Tmut/Pois      2%         N/A       80%         3
 Teleport Other           Tloc           5%         N/A       80%         3
 Tukima's Dance           Hex            5%         N/A       80%         3
 Vampiric Draining        Necr           2%         2d6       80%         3
 Borgnjor's Vile Clutch   Necr/Erth      10%        N/A       85%         5
 Airstrike                Air            2%         N/A       99%         4
 Animate Dead             Necr           2%         N/A       99%         4
 Cause Fear               Hex            2%         N/A       99%         4
 Dispel Undead            Necr           5%         3d7       99%         4
 Flame Wave               Conj/Fire      5%         3d4       99%         4
 Fulminant Prism          Conj/Hex       2%         3d6       99%         4
 Hailstorm                Conj/Ice       5%         3d4       99%         4
 Ice Form                 Ice/Tmut       5%         N/A       99%         4
 Iskenderun's Mystic Bla  Conj/Tloc      5%         2d3       99%         4
 Olgreb's Toxic Radiance  Pois           5%         N/A       99%         4
 Passage of Golubria      Tloc           N/A        N/A       99%         4
 Sticky Flame             Conj/Fire      5%         2d3       99%         4
 Summon Horrible Things   Summ           27%        N/A       99%         8
 Agony                    Necr           5%         N/A       100%        5
 Alistair's Intoxication  Tmut/Pois      3%         N/A       100%        5
 Blade Hands              Tmut           2%         N/A       100%        5
 Fireball                 Conj/Fire      2%         3d4       100%        5
 Freezing Cloud           Conj/Ice/Air   2%         6-21      100%        5
 Iskenderun's Battlesphe  Conj           5%         2d6       100%        5
 Lightning Bolt           Conj/Air       2%         1d14      100%        5
 Metabolic Englaciation   Hex/Ice        2%         N/A       100%        5
 Silence                  Hex/Air        2%         N/A       100%        5
 Yara's Violent Unravell  Hex/Tmut       2%         3d3       100%        5
 Conjure Ball Lightning   Conj/Air       2%         3x3d6     100%        6
 Death Channel            Necr           2%         N/A       100%        6
 Dispersal                Tloc           2%         N/A       100%        6
 Eringya's Noxious Bog    Tmut/Pois      2%         N/A       100%        6
 Invisibility             Hex            2%         N/A       100%        6
 Iron Shot                Conj/Erth      10%        9d3       100%        6
 Simulacrum               Ice/Necr       2%         N/A       100%        6
 Starburst                Conj/Fire      2%         6d3       100%        6
 Statue Form              Tmut/Erth      14%        N/A       100%        6
 Malign Gateway           Summ/Tloc      15%        N/A       100%        7
 Orb of Destruction       Conj           2%         9d1       100%        7
 Ozocubu's Refrigeration  Ice            2%         4d5       100%        7
 Spellforged Servitor     Conj/Summ      15%        N/A       100%        7
 Borgnjor's Revivificati  Necr           2%         N/A       100%        8
 Discord                  Hex            2%         N/A       100%        8
 Disjunction              Tloc           2%         N/A       100%        8
 Ignition                 Fire           2%         3d3       100%        8
 Lehudib's Crystal Spear  Conj/Erth      10%        10d4      100%        8
 Maxwell's Capacitive Co  Air            2%         ∞         100%        8
 Necromutation            Tmut/Necr      2%         N/A       100%        8
 Death's Door             Necr           2%         N/A       100%        9
 Polar Vortex             Ice            2%         N/A       100%        9
 Swiftness                Air            Unusable   N/A       N/A         3

Dungeon Overview and Level Annotations

Branches:
Dungeon (15/15)            Temple (0/1) D:4            Lair (6/6) D:11
 Shoals (4/4) Lair:4        Snake (4/4) Lair:3        Slime (5/5) Lair:6
    Orc (2/2) D:9             Elf (3/3) Orc:2        Vaults (4/5) D:13
  Crypt (0/3) Vaults:2     Depths (4/4) D:15            Zot (5/5) Depths:4
  IceCv (visited)          WizLab (visited)

Altars:
Fedhas
Kikubaaqudgha
Makhleb
Ru
Sif Muna
Vehumet
Xom
Yredelemnul
Beogh
Jiyva

Shops:
D:1 :   D:4 ([!   D:9 :!(!(   D:12 [   D:14 (   Orc:1 (   Orc:2 :=*=[(
Elf:1 *   Elf:3 !   Snake:1 ?[(   Snake:2 (=!:   Vaults:1 (   Vaults:2 :
Vaults:4 *   Depths:1 [*((:   Depths:4 :

Portals:
Hell: Depths:1 Depths:2 Depths:3 Depths:4
Abyss: Depths:1 Depths:3
Pandemonium: Depths:1 Depths:2
Ziggurat: Depths:4
Trove: D:10 (give horn of Geryon)

Annotations:
Lair:1 2 transporters
Lair:4 1 runed translucent door, Poko's ghost, journeyman TrTm
Lair:6 1 exclusion
Shoals:2 Roxanne
Elf:2 3 runed translucent doors
Vaults:3 1 runed translucent door, Qeott's ghost, adept GnCj
Depths:3 exclusion: 5 doors
Depths:4 exclusion: upstairs
Zot:5 3 runed translucent doors, exclusion: door, Cureyg's ghost, legendary MiFi; Iwyxus's ghost, master BaIE; TZer0's ghost, master VSFi


Innate Abilities, Weirdness & Mutations

You cannot be hasted, slowed, berserked, paralysed or teleported.
You can dig through walls and to a lower floor.
You have a pair of large antennae on your head. (SInv)
Your four strong arms can wield two-handed weapons with a shield.
You have sharp fingernails.
Your flesh is cold resistant. (rC+)
Your body often deteriorates upon taking damage.
A frigid envelope surrounds you and freezes all who hurt you.
You are covered in fur. (AC +1)
You are weak. (Str -2)
Your spells are a little harder to cast, but a little more powerful.
You sometimes lose the ability to read scrolls when taking damage.
You expend magic power (3 MP) to strengthen your wands.
Your movements are slightly less encumbered by armour. (ER -2)
You passively dampen the noise of your surroundings.


Message History

There is a stone staircase leading down, spattered with blood here.
There is a stone staircase leading up here.
You climb upwards.
There is a stone staircase leading down here.
There is a stone staircase leading up here.
You climb upwards.
There is a stone staircase leading down here.
You sense a monster nearby.
There is a stone staircase leading up here.
You climb upwards.
There is a stone staircase leading down here.
(D) Dungeon (T) Temple (L) Lair (A) Shoals (P) Snake Pit (M) Slime Pits (O) Orcish Mines (E) Elven Halls (V) Vaults (C) Crypt (U) Depths (H) Hell (Z) Zot
Where to? (Enter - D:1 @ (x,y), ? - help)
There is a stone staircase leading up here.
You climb upwards.
There is a stone staircase leading down here.
There is a stone staircase leading up here.
You climb upwards.
There is a stone staircase leading down here.
There is a stone staircase leading up here.
You climb upwards.
There is a stone staircase leading down here.
There is an open door here.
There is a stone staircase leading up here.
You climb upwards.
There is a stone staircase leading down here.
There is a stone staircase leading up, spattered with blood here.
You climb upwards.
There is a stone staircase leading down here.
You see here a +0 flail.
There is a stone staircase leading up here.
You climb upwards.
There is a stone staircase leading down here.
Things that are here:
5 stones; a +0 dagger
There is an open door here.
A balrug and 2 sun demons come into view.
The balrug is wielding a +2 demon whip of electrocution.
The sun demon shouts!
There is an open door here.
A reaper, a monstrous demonspawn and 2 warmongers come into view.
An infernal warmonger is wielding a +3 demon blade of freezing and wearing a +1 plate armour of poison resistance.
The reaper is wielding a +2 scythe of venom.
A gelid warmonger is wielding a +1 vorpal great sword.
You slice the infernal warmonger!!
The infernal warmonger is lightly wounded.
You slash the infernal warmonger!
The infernal warmonger is moderately wounded.
You extend your mandibles.
You dig through the rock wall.
The gelid warmonger unwields a +1 vorpal great sword.
The gelid warmonger wields a +1 arbalest of flaming.
It bursts into flame!
The gelid warmonger shoots a bolt.
You reflect the bolt off your +3 tower shield of reflection!
The bolt hits the gelid warmonger!!
The gelid warmonger's icy envelope dissipates!
The bolt burns the gelid warmonger!
The infernal warmonger hits you but does no damage.
The infernal warmonger is very cold.
The infernal warmonger is moderately wounded.
You block the reaper's attack.
You dig through the rock wall.
The infernal warmonger unwields a +3 demon blade of freezing.
The infernal warmonger wields a +3 longbow of flaming.
It bursts into flame!
The infernal warmonger shoots an arrow.
You reflect the arrow off your +3 tower shield of reflection!
The arrow hits the infernal warmonger!!
You dig through the rock wall.
The monstrous demonspawn misses you.
You block the monstrous demonspawn's attack.
The monstrous demonspawn completely misses you.
You dig through the rock wall.
The balrug gestures at you. Something smites you!
You retract your mandibles.
The gelid warmonger shoots a bolt.
You reflect the bolt off your +3 tower shield of reflection!
The bolt hits the gelid warmonger!
The bolt burns the gelid warmonger.
There is a stone staircase leading up here.
You climb upwards.
There is a stone staircase leading down here.
(D) Dungeon (T) Temple (L) Lair (A) Shoals (P) Snake Pit (M) Slime Pits (O) Orcish Mines (E) Elven Halls (V) Vaults (C) Crypt (U) Depths (H) Hell (Z) Zot
Where to? (Enter - D:1 @ (x,y), ? - help) HP restored.
There is a stone staircase leading up here.
You climb upwards.
There is a stone staircase leading down here.
You see here 21 sling bullets.
A chaos spawn comes into view.
The chaos spawn hisses angrily.
There is an open door here.
You block the chaos spawn's attack. You block the chaos spawn's attack.
You block the chaos spawn's attack.
There is a staircase leading out of the dungeon here.
You block the chaos spawn's attack.
You have escaped!

###############
#######
#⌠≈≈≈≈.⌠.....⌠#
#.....#
#≈≈≈≈.........#
..###.###
#≈≈≈..........#
##......##
#@..##...##..>#
#†.......#
#.4.##...##...#
#...#.#..#
#.............#
#...#.#..#
#######3#######
#.....#..# #{#
#....##..# #.#
#........# #{#
#........# #.#
####.##### #.#


You could see a smoke demon (wandering) and a chaos spawn.

Vanquished Creatures
  A dread lich (Zot:5)
  2 orbs of fire (Zot:5)
  Mara (Depths:3)
  A pandemonium lord (D:15)
  Sojobo (Depths:1)
  Vashnia (Snake:2)
  4 Killer Klowns (Zot:5)
  Xtahua (Vaults:4)
  2 caustic shrikes (Depths:4)
  A curse toe (Zot:5)
  Bai Suzhen (Snake:3)
  3 golden dragons
  Nikola (Shoals:1)
  An electric golem (Zot:5)
  2 walking crystal tomes
  5 tentacled monstrosities
  Rupert (D:13)
  An Ice Fiend (Zot:3)
  2 deep elf blademasters (Elf:3)
  19 Orb Guardians (Zot:5)
  A walking divine tome (Depths:1)
  2 deep elf master archers (Elf:3)
  A titan (Vaults:1)
  2 liches (Depths:2)
  7 quicksilver dragons
  An Executioner (Abyss:2)
  A death cob (Zot:1)
  4 sphinxes
  10 acid blobs
  4 tentacled starspawn
  Kirke (Lair:5)
  2 shadow dragons
  5 storm dragons
  6 draconian monks
  8 azure jellies
  Donald (Snake:2)
  7 tengu reavers
  4 nagarajas (Snake:4)
  9 fire giants
  A draconian scorcher (Zot:3)
  2 draconian knights
  6 rockslimes (Slime:5)
  Aizul (Snake:1)
  8 deep elf sorcerers
  3 iron dragons
  9 vault wardens
  5 orc warlords
  11 frost giants
  A ghost moth (Vaults:1)
  Louise (Depths:1)
  A deep elf elementalist (Elf:3)
  A draconian stormcaller (Zot:3)
  2 draconian shifters (Zot:3)
  A reaper (IceCv)
  4 draconian annihilators
  6 quicksilver oozes
  2 spriggan defenders (Depths:3)
  15 ironbound preservers
  18 stone giants
  2 war gargoyles
  17 very ugly things
  17 starcursed masses (Abyss:2)
  2 vampire knights
  A lorocyproca (Zot:3)
  3 deep elf annihilators
  2 entropy weavers (Vaults:1)
  5 deep elf demonologists
  3 green draconians
  3 purple draconians
  3 black draconians
  4 white draconians
  5 yellow draconians
  A merfolk javelineer (Shoals:4)
  6 red draconians
  2 spark wasps (Depths:4)
  A crystal guardian (Vaults:4)
  Snorg (Orc:1)
  6 ettins
  4 dire elephants
  6 deep elf death magi
  Josephine (D:12)
  A green death (Depths:4)
  An eidolon (Abyss:2)
  6 fire dragons
  16 merfolk impalers
  7 vault guards
  5 yaktaur captains
  13 great orbs of eyes
  16 naga warriors
  A deep elf high priest (Elf:3)
  7 boulder beetles
  10 ironbound thunderhulks
  2 salamander tyrants (Snake:1)
  3 peacekeepers (Vaults:4)
  Erolcha (Orc:1)
  10 hydras
  2 catoblepae
  4 rakshasas
  5 centaur warriors
  7 ice dragons
  Erica (Lair:1)
  4 spriggan air magi
  An alligator (shapeshifter) (Depths:2)
  An ironbound frostheart (Vaults:3)
  7 anacondas
  3 two-headed ogres
  A merfolk avatar (Shoals:4)
  21 dancing weapons
  10 death yaks
  8 merfolk aquamancers
  5 tengu warriors
  A death knight (D:14)
  8 deep troll shamans
  A hell hog (Abyss:2)
  3 deep troll earth magi
  14 naga sharpshooters
  A thrashing horror (Abyss:2)
  Urug (Lair:1)
  2 spriggan berserkers (Depths:1)
  8 shock serpents
  6 orc high priests
  3 hell knights
  A vampire mage (Depths:3)
  2 sixfirhies
  A sun demon (Abyss:2)
  19 deep elf knights
  13 iron trolls
  13 salamander mystics
  A spatial maelstrom (Abyss:2)
  7 sea snakes
  50 deep trolls
  3 glowing orange brains
  A glowing orange brain (shapeshifter) (Depths:3)
  4 flayed ghosts
  A swamp dragon (shapeshifter) (Vaults:1)
  16 deep elf archers
  17 ironbound convokers
  6 lindwurms
  5 necromancers
  16 orc knights
  10 harpies
  A cherub (Zot:1)
  4 naga ritualists
  A swamp dragon (Vaults:1)
  38 deep elf pyromancers
  4 phantasmal warriors
  28 deep elf zephyrmancers
  A wolf spider (D:15)
  4 mana vipers
  8 wizards
  45 ugly things
  A stone giant zombie (Depths:1)
  7 orc sorcerers
  A wolf spider (shapeshifter) (Lair:1)
  23 salamanders
  4 moths of wrath
  5 cyclopes
  8 fauns (Shoals:1)
  2 shining eyes
  8 elephants
  18 manticores
  A fire giant zombie (Depths:1)
  6 merfolk sirens
  A worldbinder (Abyss:2)
  18 vault sentinels
  A moth of wrath (shapeshifter) (Depths:2)
  18 naga magi
  A molten gargoyle (Lair:6)
  A fire giant skeleton (Depths:1)
  8 guardian serpents
  26 black mambas
  2 ice statues (IceCv)
  A torpor snail (Elf:2)
  4 orange demons
  2 smoke demons (Abyss:2)
  10 water nymphs
  An eye of devastation (shapeshifter) (Depths:4)
  16 cane toads
  A cane toad (shapeshifter) (D:13)
  A gargoyle (D:14)
  A spriggan zombie (Depths:1)
  17 yaktaurs
  An unseen horror (shapeshifter) (D:5)
  11 komodo dragons
  2 unseen horrors
  5 tengu conjurers
  2 efreet
  7 ice devils
  8 rime drakes
  2 freezing wraiths (D:14)
  2 entropy weaver simulacra (IceCv)
  A red devil (IceCv)
  An ancient zyme (Abyss:2)
  17 merfolk
  A queen bee (Lair:6)
  10 trolls
  A jumping spider (Vaults:1)
  A polar bear (Lair:1)
  6 hornets
  22 wind drakes
  4 raiju (Abyss:2)
  Grinder (D:6)
  58 slime creatures
  11 blink frogs
  10 snapping turtles
  3 dream sheep
  47 water elementals
  A vampire (D:13)
  11 wraiths
  A ynoxinul (Abyss:2)
  7 spriggans
  2 redbacks (Vaults:1)
  16 air elementals
  4 fire elementals
  43 yaks
  2 tarantellas
  15 wyverns
  A shadow (D:13)
  A human (shapeshifter) (Depths:4)
  14 basilisks
  A hog (Lair:5)
  6 golden eyes (Abyss:2)
  Grum (D:8)
  Eustachio (D:4)
  12 large abominations
  2 steam dragons
  A death yak simulacrum (IceCv)
  A neqoxec (Abyss:2)
  A chaos spawn (Abyss:2)
  17 vampire mosquitoes
  Edmund (D:4)
  5 wargs
  48 nagas
  A naga (shapeshifter) (Depths:2)
  A swamp worm (Vaults:4)
  2 acid dragons
  A floating eye (Depths:2)
  19 water moccasins
  4 small abominations (Abyss:2)
  2 ice beasts
  2 sky beasts
  47 orc warriors
  A black bear (D:5)
  A necrophage (D:4)
  15 ogres
  25 wolves
  7 centaurs
  A phantom (D:6)
  2 kobold brigands
  2 elf zombies (Elf:1)
  Blork the orc (D:6)
  10 bullfrogs
  An ogre simulacrum (Vaults:2)
  3 earth elementals
  4 scorpions
  7 killer bees
  9 wights
  An electric eel (Lair:6)
  A howler monkey (D:5)
  5 centaur zombies
  A quasit (Abyss:2)
  3 hounds
  11 jellies
  25 orc priests
  Crazy Yiuf (D:2)
  2 iron imps (Abyss:2)
  A centaur skeleton (D:7)
  Ijyb (D:4)
  3 iguanas
  A troll simulacrum (IceCv)
  15 hell rats
  24 orc wizards
  A polar bear simulacrum (IceCv)
  A scorpion zombie (D:5)
  A spriggan simulacrum (IceCv)
  A killer bee zombie (D:4)
  A nameless horror (Vaults:1)
  Robin (D:4)
  A howler monkey skeleton (D:6)
  3 adders
  5 gnolls
  A river rat (D:5)
  A shadow imp (D:4)
  4 ufetubi
  An adder zombie (D:5)
  An adder skeleton (D:4)
  A dart slug (D:1)
  83 orcs
  11 bats
  19 endoplasms
  5 giant cockroaches
  13 goblins
  12 hobgoblins
  5 jackals
  20 kobolds
  4 quokkas
  5 ball pythons
  3 frilled lizards
  9 rats
  A fire vortex (Depths:2)
  A lurking horror (Abyss:2)
  4 starspawn tentacles
2012 creatures vanquished.

Vanquished Creatures (collateral kills)
  the Royal Jelly (Slime:5)
  A Killer Klown (Zot:5)
  2 golden dragons
  Jory (Vaults:4)
  A bone dragon (Abyss:2)
  A tentacled monstrosity (Abyss:2)
  An acid blob (Slime:3)
  A walking frostbound tome (Depths:3)
  2 sphinxes
  A rockslime (Slime:5)
  A storm dragon (Shoals:4)
  Gastronok (D:11)
  An azure jelly (Slime:5)
  A vault warden (Vaults:1)
  A fenstrider witch (Zot:5)
  A very ugly thing (Vaults:4)
  A quicksilver ooze (Slime:5)
  A stone giant (Depths:3)
  A green draconian (Depths:4)
  2 ironbound preservers
  A purple draconian (Zot:3)
  2 yellow draconians (Zot:5)
  A white draconian (Zot:5)
  A merfolk javelineer (Shoals:4)
  2 merfolk impalers (Shoals:4)
  A great orb of eyes (shapeshifter) (Vaults:1)
  A yaktaur captain (Vaults:1)
  An ironbound thunderhulk (Vaults:1)
  A deep elf high priest (Elf:3)
  A great orb of eyes (Depths:3)
  An ice dragon (Depths:3)
  An ironbound frostheart (Vaults:1)
  2 vault guards
  A catoblepas (Vaults:1)
  2 merfolk avatars
  A satyr (Shoals:4)
  A deep troll shaman (Depths:4)
  A deep elf knight (Elf:2)
  A spriggan (Depths:3)
  An iron troll (Depths:4)
  A deep troll (Vaults:1)
  A lindwurm (Vaults:1)
  An ironbound convoker (Vaults:2)
  A deep elf archer (Elf:2)
  3 phantasmal warriors
  A necromancer (Vaults:1)
  2 deep elf zephyrmancers
  A deep elf pyromancer (Elf:3)
  An orc knight (Vaults:4)
  A faun (Shoals:1)
  A manticore (Shoals:4)
  A shining eye (Slime:3)
  2 vault sentinels
  A guardian serpent (Vaults:1)
  Joseph (D:8)
  A merfolk siren (Shoals:1)
  A rime drake (Lair:6)
  A cane toad (Lair:6)
  2 tengu conjurers
  An ancient zyme (Abyss:2)
  A troll (Orc:1)
  A merfolk (Shoals:1)
  A hornet (Depths:3)
  3 slime creatures
  A dream sheep (Shoals:3)
  An air elemental (Elf:2)
  A tarantella (shapeshifter) (Depths:3)
  5 water elementals
  A redback (shapeshifter) (Vaults:1)
  A fire elemental (Elf:2)
  A yak (shapeshifter) (Vaults:1)
  A hell hound (Lair:6)
  An orc warrior (D:8)
  A water moccasin (Lair:6)
  2 kobold brigands (D:8)
  A small abomination (Abyss:2)
  3 wights (D:8)
  A hound (D:5)
  3 jellies
  2 orc wizards (D:8)
  A dart slug (D:2)
  An orc (D:8)
  A giant cockroach (D:5)
  9 kobolds (D:8)
  A quokka (D:4)
117 creatures vanquished.

Vanquished Creatures (others)
  A fire giant (Depths:1)
  An orc warlord (Vaults:4)
  A draconian scorcher (Zot:4)
  A deep elf annihilator (Elf:3)
  4 dancing weapons
  2 slime creatures (Slime:5)
  A skeletal warrior (D:14)
  A deep elf zephyrmancer (Elf:3)
  A deep elf pyromancer (Elf:2)
  A vault sentinel (Vaults:1)
  A yaktaur (Vaults:4)
  A spriggan zombie (Depths:1)
  4 humans (Lair:5)
  An acid dragon (Zot:3)
  A hell rat (Lair:4)
  An orc (Elf:2)
  35 fungi
  108 plants
  7 starspawn tentacles
  5 toadstools (D:3)
  6 withered plants
184 creatures vanquished.

Grand Total: 2313 creatures vanquished

Notes
Turn   | Place    | Note
-------+----------+-------------------------------------------
     0 | D:1      | EnegeticOcto the Formicid Chaos Knight began the quest for
                  | the Orb.
     0 | D:1      | Reached XP level 1. HP: 18/18 MP: 1/1
    95 | D:1      | Reached skill level 1 in Stealth
   168 | D:1      | Reached skill level 2 in Stealth
   168 | D:1      | Reached XP level 2. HP: 18/24 MP: 2/2
   438 | D:1      | Reached skill level 3 in Stealth
   474 | D:1      | Reached XP level 3. HP: 29/29 MP: 3/3
   577 | D:1      | Found Feoliv Eliu's Book Emporium.
   888 | D:2      | Reached skill level 4 in Fighting
   890 | D:2      | XOM: silly message
  1026 | D:2      | You fall into a shaft and drop 1 floor!
  1034 | D:3      | Reached XP level 4. HP: 37/37 MP: 4/4
  1144 | D:2      | Found a runed translucent door.
  1145 | D:2      | Noticed Crazy Yiuf
  1160 | D:2      | XOM: divination: detect items
  1175 | D:2      | XOM: potion effect (heal wounds)
  1198 | D:2      | XOM: potion effect (brilliance)
  1229 | D:2      | XOM: potion effect (invisibility)
  1246 | D:2      | Killed Crazy Yiuf
  1816 | D:2      | XOM: silly message
  1980 | D:2      | XOM: silly message
  2072 | D:3      | Reached skill level 1 in Staves
  2072 | D:3      | Reached XP level 5. HP: 38/42 MP: 5/5
  2190 | D:3      | XOM: noise
  2221 | D:3      | Found a faded altar of an unknown god.
  2328 | D:3      | XOM: cloud trail
  2466 | D:3      | XOM is BORED!
  2521 | D:3      | XOM: noise
  2753 | D:3      | Reached skill level 2 in Staves
  2927 | D:4      | Noticed Robin
  2943 | D:4      | Killed Robin
  2949 | D:4      | Noticed Ijyb
  2962 | D:4      | XOM: silly message
  2966 | D:4      | Killed Ijyb
  2967 | D:4      | Reached skill level 3 in Staves
  2975 | D:4      | Noticed an ogre
  2979 | D:4      | Killed an ogre
  2980 | D:4      | Reached skill level 4 in Staves
  2980 | D:4      | Reached XP level 6. HP: 41/48 MP: 6/6
  3044 | D:4      | Found Nugiy's Distillery.
  3050 | D:4      | Bought a potion of heal wounds for 70 gold pieces
  3050 | D:4      | Bought a potion of curing for 42 gold pieces
  3050 | D:4      | Bought a potion of might for 56 gold pieces
  3130 | D:4      | Noticed a necrophage
  3134 | D:4      | XOM: cast spell 'Call Canine Familiar'
  3157 | D:4      | Killed a necrophage
  3183 | D:4      | Found Yklar's Armour Shoppe.
  3190 | D:4      | Noticed Edmund
  3195 | D:4      | Killed Edmund
  3195 | D:4      | Noticed Eustachio
  3196 | D:4      | Reached skill level 5 in Staves
  3196 | D:4      | Reached XP level 7. HP: 36/54 MP: 4/7
  3208 | D:4      | XOM: silly message
  3209 | D:4      | Killed Eustachio
  3210 | D:4      | Reached skill level 6 in Staves
  3373 | D:4      | Found a staircase to the Ecumenical Temple.
  3464 | D:4      | Found Tuocs's Weapon Shoppe.
  3898 | D:5      | Entered Level 5 of the Dungeon
  3913 | D:5      | XOM: blink monster(s)
  3917 | D:5      | XOM: divination: detect items
  3918 | D:5      | Reached skill level 7 in Staves
  3918 | D:5      | Reached XP level 8. HP: 21/60 MP: 8/8
  4134 | D:5      | XOM: summons friendly crimson imp
  4207 | D:5      | Noticed a shapeshifter
  4207 | D:5      | a gnoll shaman changed into a shapeshifter
  4207 | D:5      | Noticed a salamander
  4207 | D:5      | a shapeshifter changed into a salamander
  4221 | D:5      | Noticed an unseen horror
  4221 | D:5      | a salamander changed into an unseen horror
  4447 | D:5      | XOM: silly message
  4544 | D:5      | Killed an unseen horror
  4545 | D:5      | Reached skill level 8 in Staves
  4632 | D:5      | XOM: confusion (+ monsters)
  4636 | D:5      | XOM: confusion (+ monsters)
  4638 | D:5      | XOM: cast spell 'Monstrous Menagerie'
  4727 | D:5      | Reached skill level 9 in Staves
  4765 | D:5      | XOM: scenery: create altars
  4809 | D:5      | XOM: divination: detect creatures
  4872 | D:5      | Found a sacrificial altar of Ru.
  5029 | D:5      | Reached XP level 9. HP: 65/65 MP: 9/9
  5196 | D:4      | Bought a potion of ambrosia for 112 gold pieces
  5334 | D:6      | Noticed Blork the orc
  5351 | D:6      | Killed Blork the orc
  5352 | D:6      | Reached skill level 10 in Staves
  5461 | D:6      | Noticed Grinder
  5465 | D:6      | XOM: scenery: summon butterflies
  5470 | D:6      | Killed Grinder
  5608 | D:6      | XOM: blink monster(s)
  5929 | D:6      | Reached skill level 1 in Shields
  5977 | D:6      | XOM: cast spell 'Shadow Creatures'
  6048 | D:6      | XOM: divination: magic mapping
  6096 | D:6      | Noticed a slime creature
  6096 | D:6      | XOM: divination: magic mapping
  6124 | D:6      | Killed a slime creature
  6125 | D:6      | Reached skill level 11 in Staves
  6125 | D:6      | Reached skill level 2 in Shields
  6156 | D:6      | Reached skill level 5 in Fighting
  6169 | D:6      | Reached skill level 3 in Shields
  6273 | D:6      | XOM: divination: detect items
  6288 | D:6      | XOM: silly message
  6662 | D:7      | Noticed a troll
  6673 | D:7      | XOM: cast spell 'Olgreb's Toxic Radiance'
  6685 | D:7      | Killed a troll
  6686 | D:7      | Reached skill level 4 in Shields
  6686 | D:7      | Reached XP level 10. HP: 22/75 MP: 10/10
  7323 | D:8      | Reached skill level 6 in Fighting
  7342 | D:8      | Reached skill level 5 in Shields
  7360 | D:8      | Noticed Joseph
  7377 | D:8      | Killed Joseph
  7519 | D:8      | Noticed a two-headed ogre
  7522 | D:8      | XOM: enchant monster (good)
  7527 | D:8      | XOM: summons friendly white imp
  7533 | D:8      | XOM: potion effect (invisibility)
  7544 | D:8      | Killed a two-headed ogre
  7545 | D:8      | Reached skill level 7 in Fighting
  7545 | D:8      | Reached skill level 6 in Shields
  7699 | D:8      | XOM is BORED!
  7752 | D:8      | Reached skill level 12 in Staves
  7918 | D:8      | XOM: give mutations
  7918 | D:8      | Gained mutation: Your spells are a little harder to cast,
                  | but a little more powerful. [Xom's grace]
  7918 | D:8      | Gained mutation: You possess an exceptional clarity of
                  | mind. [Xom's grace]
  7918 | D:8      | Gained mutation: A frigid envelope surrounds you and
                  | freezes all who hurt you. [Xom's grace]
  7997 | D:8      | Noticed Grum
  8000 | D:8      | Killed Grum
  8248 | D:9      | Found Plog's Distillery.
  8255 | D:9      | Bought a potion of curing for 48 gold pieces
  8255 | D:9      | Bought a potion of heal wounds for 80 gold pieces
  8341 | D:9      | XOM: summons 10 friendly demons
  8351 | D:9      | Reached skill level 7 in Shields
  8352 | D:9      | Reached XP level 11. HP: 86/86 MP: 11/11
  8419 | D:9      | Reached skill level 8 in Fighting
  8697 | D:9      | Found Wudghocu's Antique Weapon Shoppe.
  8713 | D:9      | Found Geloefua's Book Shop.
  8900 | D:9      | Reached skill level 8 in Shields
  8907 | D:9      | Found a staircase to the Orcish Mines.
  9001 | D:9      | Found Dokylor's Distillery.
  9004 | D:9      | Found Jato's Antique Weapon Emporium.
  9134 | D:10     | Entered Level 10 of the Dungeon
  9160 | D:10     | XOM: silly message
  9483 | D:10     | Found a portal to a secret trove of treasure.
  9582 | D:10     | Reached skill level 1 in Evocations
  9617 | D:10     | Reached skill level 9 in Fighting
  9721 | D:10     | XOM: silly message
  9729 | D:10     | XOM: cloud trail
 10140 | D:11     | Noticed Gastronok
 10146 | D:11     | XOM: cloud trail
 10150 | D:11     | XOM: enchant monster (good)
 10169 | D:11     | XOM: noise
 10179 | D:11     | XOM: cast spell 'Summon Mana Viper'
 10196 | D:11     | Killed Gastronok
 10197 | D:11     | Reached skill level 2 in Evocations
 10297 | D:11     | Found a staircase to the Lair.
 10449 | D:11     | Reached skill level 13 in Staves
 10493 | D:11     | XOM: confuse monster(s)
 10502 | D:11     | Reached skill level 9 in Shields
 10594 | D:11     | XOM: potion effect (invisibility)
 10599 | D:11     | Reached skill level 3 in Evocations
 10626 | D:11     | XOM: god gift: potion of flight
 10789 | D:11     | XOM: potion effect (might)
 10918 | D:9      | Identified the +2 ring mail of the Pit {Str+5 Dex+6}
 10970 | D:11     | XOM: noise
 10984 | Lair:1   | Entered Level 1 of the Lair of Beasts
 10984 | Lair:1   | Noticed Erica
 11175 | Lair:2   | Noticed an elephant
 11176 | Lair:2   | Noticed an elephant
 11176 | Lair:2   | Noticed an elephant
 11178 | Lair:2   | Noticed an elephant
 11185 | Lair:2   | XOM: enchant monster (good)
 11187 | Lair:2   | Killed an elephant
 11188 | Lair:2   | Reached skill level 4 in Evocations
 11188 | Lair:2   | Reached XP level 12. HP: 80/97 MP: 12/12
 11198 | Lair:2   | Reached skill level 10 in Fighting
 11404 | Lair:2   | XOM: summons 7 hostile demons
 11819 | Lair:1   | Reached skill level 5 in Evocations
 11958 | Lair:1   | XOM: summons 4 hostile shadow creatures
 11959 | Lair:1   | Noticed an eight-headed hydra
 12336 | Lair:1   | Reached skill level 6 in Evocations
 12348 | Lair:1   | Reached skill level 11 in Fighting
 12423 | Lair:1   | XOM: blink monster(s)
 12429 | Lair:1   | XOM: confuse monster(s)
 12458 | Lair:1   | XOM: potion effect (brilliance)
 12475 | Lair:1   | Killed Erica
 12483 | Lair:1   | XOM: cloud trail
 12507 | Lair:1   | XOM: give mutations
 12507 | Lair:1   | Lost mutation: You possess an exceptional clarity of mind.
                  | [Xom's mischief]
 12507 | Lair:1   | Gained mutation: Your body sometimes deteriorates upon
                  | taking damage. [Xom's mischief]
 12507 | Lair:1   | Gained mutation: You sometimes lose the ability to read
                  | scrolls when taking damage. [Xom's mischief]
 12725 | Lair:1   | XOM is BORED!
 12725 | Lair:1   | XOM: summons 3 hostile shadow creatures
 12773 | Lair:2   | XOM: god gift: 26 gold pieces
 12822 | Lair:1   | Reached skill level 12 in Fighting
 12999 | Lair:1   | Found a transporter.
 13015 | Lair:1   | Noticed Urug
 13030 | Lair:1   | Killed Urug
 13123 | Lair:1   | XOM: polymorph cane toad -> polar bear
 13139 | Lair:1   | XOM: cleaving
 13145 | Lair:1   | XOM: god gift: 29 gold pieces
 13149 | Lair:1   | XOM: polymorph yak -> glowing shapeshifter
 13150 | Lair:1   | Noticed a swamp dragon
 13150 | Lair:1   | a glowing shapeshifter changed into a swamp dragon
 13154 | Lair:1   | Noticed a fire crab
 13154 | Lair:1   | a swamp dragon changed into a fire crab
 13156 | Lair:1   | a fire crab changed into a cyclops
 13157 | Lair:1   | XOM: polymorph cyclops -> glowing shapeshifter
 13159 | Lair:1   | XOM: summons friendly iron imp
 13166 | Lair:1   | Reached skill level 13 in Fighting
 13166 | Lair:1   | Reached XP level 13. HP: 45/111 MP: 13/13
 13353 | Lair:1   | XOM: god gift: scroll of amnesia
 13446 | Lair:1   | Found a transporter.
 13466 | Lair:1   | XOM: divination: magic mapping
 13765 | Lair:1   | XOM: give mutation
 13765 | Lair:1   | Gained mutation: You are robust. (+10% HP) [Xom's mischief]
 13779 | Lair:1   | XOM: give mutation
 13779 | Lair:1   | Gained mutation: You are partially covered in iridescent
                  | scales. (AC +2) [Xom's grace]
 13928 | Lair:2   | Found a burning altar of Makhleb.
 14100 | Lair:2   | XOM: scenery: 1 doors open
 14282 | Lair:2   | XOM: god gift: 44 gold pieces
 14292 | Lair:2   | XOM: god gift: 21 gold pieces
 14429 | Lair:3   | XOM: cleaving
 14462 | Lair:3   | Reached skill level 14 in Fighting
 14463 | Lair:3   | XOM: summons friendly crimson imp
 14480 | Lair:3   | XOM: give mutations
 14480 | Lair:3   | Lost mutation: You are robust. (+10% HP) [Xom's mischief]
 14480 | Lair:3   | Gained mutation: You are frail. (-10% HP) [Xom's mischief]
 14480 | Lair:3   | Gained mutation: Your mind is acute. (Int +2) [Xom's
                  | mischief]
 14480 | Lair:3   | Gained mutation: You are very frail. (-20% HP) [Xom's
                  | mischief]
 14511 | Lair:3   | XOM: polymorph crimson imp -> ynoxinul
 14599 | Lair:3   | XOM: polymorph ynoxinul -> hellwing
 14644 | Lair:3   | XOM: divination: magic mapping
 14715 | Lair:3   | Found a staircase to the Snake Pit.
 14808 | Lair:3   | Reached skill level 15 in Fighting
 15235 | Lair:3   | XOM: polymorph dream sheep -> lindwurm
 15653 | Lair:4   | XOM: summons 5 friendly demons
 15660 | Lair:4   | Reached skill level 16 in Fighting
 16021 | Lair:4   | Found a runed translucent door.
 16025 | Lair:4   | Noticed Poko's ghost (journeyman TrTm)
 16282 | Lair:4   | Found a staircase to the Shoals.
 16282 | Lair:4   | Noticed a seven-headed hydra
 16572 | Lair:4   | XOM: divine lightning
 16607 | Lair:4   | Reached skill level 17 in Fighting
 16607 | Lair:4   | Reached XP level 14. HP: 55/102 MP: 14/14
 16617 | Lair:4   | XOM: fog
 16908 | Lair:4   | XOM is BORED!
 16908 | Lair:4   | XOM: noise
 16957 | Lair:4   | XOM: divination: detect creatures
 17128 | Lair:4   | XOM: silly message
 17570 | Lair:5   | Noticed Kirke
 17587 | Lair:5   | Killed Kirke
 18000 | Lair:5   | XOM: potion effect (curing)
 18005 | Lair:5   | XOM: divination: magic mapping
 18038 | Lair:5   | Reached skill level 18 in Fighting
 18363 | Lair:5   | XOM: divination: magic mapping
 18385 | Lair:6   | Entered Level 6 of the Lair of Beasts
 18419 | Lair:6   | XOM: divination: detect items
 18426 | Lair:6   | XOM: god gift: robe {god gift}
 18625 | Lair:6   | XOM: summons friendly crimson imp
 18627 | Lair:6   | XOM: fog
 18631 | Lair:6   | XOM: summons 9 friendly demons
 18668 | Lair:6   | Reached skill level 19 in Fighting
 18685 | Lair:5   | XOM: give mutations
 18685 | Lair:5   | Gained mutation: You have large cloven feet. [Xom's grace]
 18685 | Lair:5   | Gained mutation: Your muscles are strong. (Str +2) [Xom's
                  | grace]
 18685 | Lair:5   | Gained mutation: Your spells are harder to cast, but more
                  | powerful. [Xom's grace]
 18685 | Lair:5   | Gained mutation: You possess an exceptional clarity of
                  | mind. [Xom's grace]
 18847 | Lair:6   | XOM: summons friendly ufetubus
 18856 | Lair:6   | XOM: god gift: potion of curing
 18861 | Lair:6   | XOM: fog
 18890 | Lair:6   | Reached skill level 1 in Dodging
 18919 | Lair:6   | XOM: fog
 18933 | Lair:6   | Reached skill level 3 in Armour
 18938 | Lair:6   | Reached skill level 2 in Dodging
 19008 | Lair:6   | XOM: fog
 19019 | Lair:6   | Reached skill level 4 in Armour
 19080 | Lair:6   | XOM: confuse monster(s)
 19176 | Lair:6   | XOM: summons friendly shadow imp
 19187 | Lair:6   | Reached skill level 3 in Dodging
 19335 | Lair:6   | Reached XP level 15. HP: 111/111 MP: 15/15
 19409 | Lair:6   | Reached skill level 5 in Armour
 19489 | Lair:6   | XOM: scenery: create altars
 19554 | Lair:6   | Reached skill level 4 in Dodging
 19666 | Lair:6   | XOM: cleaving
 19759 | Lair:6   | XOM: cloud trail
 19782 | Lair:6   | Found a staircase to the Slime Pits.
 19784 | Lair:6   | XOM: polymorph cane toad -> queen bee
 20163 | D:12     | XOM: cleaving
 20171 | D:12     | Reached skill level 6 in Armour
 20171 | D:12     | XOM: divination: detect creatures
 20301 | D:12     | XOM: god gift: 52 gold pieces
 20325 | D:12     | XOM: confuse monster(s)
 20331 | D:12     | Reached skill level 5 in Dodging
 20487 | D:12     | Identified a scroll of acquirement
 20500 | D:12     | Acquired a +3 lajatang of pain
 20551 | D:12     | Found Imuig's Antique Armour Emporium.
 20726 | Orc:1    | Entered Level 1 of the Orcish Mines
 20781 | Orc:1    | XOM: divination: magic mapping
 20815 | Orc:1    | Found Ameat's Weapon Shoppe.
 20857 | Orc:1    | XOM: cast spell 'Metabolic Englaciation'
 20879 | Orc:1    | Reached skill level 7 in Armour
 20936 | Orc:1    | Noticed Erolcha
 20950 | Orc:1    | Killed Erolcha
 20972 | Orc:1    | XOM: divination: magic mapping
 21118 | Orc:2    | Entered Level 2 of the Orcish Mines
 21158 | Orc:2    | Found Hoeb Iff's Book Shoppe.
 21189 | Orc:1    | Noticed Snorg
 21200 | Orc:1    | Killed Snorg
 21201 | Orc:1    | Reached skill level 6 in Dodging
 21338 | Orc:2    | Found a staircase to the Elven Halls.
 21514 | Orc:2    | XOM: blink monster(s)
 21518 | Orc:2    | Found Faisan's Jewellery Shop.
 21565 | Orc:2    | Noticed an orc warlord
 21571 | Orc:2    | XOM: blink monster(s)
 21601 | Orc:2    | Killed an orc warlord
 21602 | Orc:2    | Reached skill level 8 in Armour
 21654 | Orc:2    | Reached skill level 7 in Dodging
 21714 | Orc:2    | XOM: give mutations
 21714 | Orc:2    | Lost mutation: You are very frail. (-20% HP) [Xom's
                  | mischief]
 21714 | Orc:2    | Lost mutation: You are frail. (-10% HP) [Xom's mischief]
 21714 | Orc:2    | Lost mutation: Your body sometimes deteriorates upon taking
                  | damage. [Xom's mischief]
 21714 | Orc:2    | Gained mutation: Your body sometimes deteriorates upon
                  | taking damage. [Xom's mischief]
 21744 | Orc:2    | XOM: give mutations
 21744 | Orc:2    | Lost mutation: Your mind is acute. (Int +2) [Xom's
                  | mischief]
 21744 | Orc:2    | Lost mutation: You are partially covered in iridescent
                  | scales. (AC +2) [Xom's mischief]
 21953 | Orc:2    | XOM: give mutations
 21953 | Orc:2    | Lost mutation: You sometimes lose the ability to read
                  | scrolls when taking damage. [Xom's mischief]
 21953 | Orc:2    | Lost mutation: You have large cloven feet. [Xom's mischief]
 22113 | Orc:2    | XOM: summons 1 hostile demon
 22130 | Orc:2    | Reached skill level 9 in Armour
 22313 | Orc:2    | Noticed an orc warlord
 22337 | Orc:2    | Killed an orc warlord
 22380 | Orc:2    | Noticed an orc warlord
 22393 | Orc:2    | an orc warlord changed into a dire elephant
 22393 | Orc:2    | XOM: polymorph orc warlord -> dire elephant
 22426 | Orc:2    | Reached skill level 8 in Dodging
 22426 | Orc:2    | Reached XP level 16. HP: 146/146 MP: 16/16
 22444 | Orc:2    | Reached skill level 10 in Armour
 22456 | Orc:2    | Identified the ring "Siyvo" {Fire Str+3 Dex+3 Stlth+}
 22661 | Orc:2    | Identified the +0 chain mail of Pathos {rF+ MP+9 Str+2
                  | Int+4}
 22696 | Orc:2    | Identified the +2 dagger of Royalism {vorpal, Int+5}
 22806 | Orc:2    | Found Jummuonn's General Store.
 22807 | Orc:2    | Found Woabix's Jewellery Shoppe.
 22809 | Orc:2    | Found Duathiwkel's Antique Armour Shoppe.
 22809 | Orc:2    | Found Ecoh's Antique Weapon Emporium.
 22819 | Orc:2    | XOM is BORED!
 22826 | Orc:2    | Bought an amulet of regeneration for 330 gold pieces
 22840 | Orc:2    | Bought the ring "Foufon" {rPois rC+ rN+ Str+6 SInv} for 550
                  | gold pieces
 22852 | Orc:2    | Bought a pair of dazzling boots for 228 gold pieces
 22852 | Orc:2    | Identified the +4 pair of boots of Philately {+Blink rElec
                  | rPois Str-3} (You bought it in a shop on level 2 of the
                  | Orcish Mines)
 22852 | Orc:2    | Bought a runed plate armour for 624 gold pieces
 23041 | D:13     | Noticed Josephine
 23041 | D:13     | Found a frozen archway.
 23054 | D:12     | Killed Josephine
 23083 | IceCv    | XOM: stealth player
 23083 | IceCv    | Entered an ice cave
 23089 | IceCv    | XOM: polymorph ice devil -> red devil
 23417 | IceCv    | XOM: give mutations
 23417 | IceCv    | Gained mutation: You are frail. (-10% HP) [Xom's mischief]
 23417 | IceCv    | Gained mutation: You occasionally shout uncontrollably at
                  | your foes. [Xom's mischief]
 23417 | IceCv    | Gained mutation: You are dopey. (Int -2) [Xom's mischief]
 23592 | D:13     | Noticed Rupert
 23610 | D:13     | Killed Rupert
 23611 | D:13     | Reached skill level 20 in Fighting
 23680 | D:13     | XOM: swap monsters
 23773 | D:13     | Found a gate to the Vaults.
 23780 | D:13     | XOM: give mutations
 23780 | D:13     | Gained mutation: You sometimes lose the ability to read
                  | scrolls when taking damage. [Xom's mischief]
 23780 | D:13     | Lost mutation: You are frail. (-10% HP) [Xom's mischief]
 23884 | D:13     | XOM: stat loss: -1 Dex (9/10)
 24131 | D:13     | Found a runed translucent door.
 24302 | D:13     | XOM: give mutations
 24302 | D:13     | Gained mutation: You are clumsy. (Dex -2) [Xom's mischief]
 24302 | D:13     | Lost mutation: Your spells are harder to cast, but more
                  | powerful. [Xom's mischief]
 24302 | D:13     | Gained mutation: You are very clumsy. (Dex -4) [Xom's
                  | mischief]
 24385 | D:13     | XOM: silly message
 24394 | D:13     | XOM: summons 6 hostile demons
 24557 | D:13     | Reached skill level 7 in Evocations
 24558 | D:13     | XOM: polymorph brown ugly thing -> green ugly thing
 24608 | D:13     | Noticed a frost giant
 24629 | D:13     | Killed a frost giant
 24630 | D:13     | Reached skill level 11 in Armour
 24799 | D:14     | Found Dumial's Weapon Emporium.
 24804 | D:14     | Reached skill level 8 in Evocations
 24864 | D:14     | XOM is BORED!
 24864 | D:14     | XOM: summons 1 hostile demon
 24953 | D:14     | XOM: fog
 24958 | D:14     | XOM: noise
 24958 | D:14     | XOM: butterfly on damage
 24963 | D:14     | XOM: scenery: create altars
 25019 | D:14     | XOM: enchant monster (bad)
 25020 | D:14     | XOM: destruction
 25021 | D:14     | XOM: butterfly on damage
 25047 | D:14     | XOM: divine lightning
 25050 | D:14     | XOM: cleaving
 25072 | D:14     | XOM: polymorph death knight -> shining eye
 25349 | D:15     | Entered Level 15 of the Dungeon
 25355 | D:15     | Reached skill level 9 in Evocations
 25466 | D:15     | XOM: summons friendly quasit
 25748 | D:15     | Reached skill level 12 in Armour
 25801 | D:15     | XOM: blink monster(s)
 25804 | D:15     | XOM: polymorph tengu warrior -> wind drake
 25820 | D:15     | Found a staircase to the Depths.
 25846 | D:15     | XOM: scenery: 1 doors open, 1 doors close
 25873 | D:15     | XOM: draining
 26011 | D:15     | XOM: give mutations
 26011 | D:15     | Lost mutation: You occasionally shout uncontrollably at
                  | your foes. [Xom's mischief]
 26011 | D:15     | Lost mutation: Your muscles are strong. (Str +2) [Xom's
                  | mischief]
 26154 | D:14     | XOM: give mutation
 26154 | D:14     | Lost mutation: You sometimes lose the ability to read
                  | scrolls when taking damage. [Xom's mischief]
 26309 | Lair:4   | XOM: give mutations
 26309 | Lair:4   | Gained mutation: Your skin changes colour to match your
                  | surroundings (Stealth+). [Xom's grace]
 26309 | Lair:4   | Gained mutation: You have an increased reservoir of magic.
                  | (+10% MP) [Xom's grace]
 26311 | Lair:4   | XOM: confuse monster(s)
 26345 | Lair:4   | Reached XP level 17. HP: 151/152 MP: 18/18
 26492 | Snake:1  | Entered Level 1 of the Snake Pit
 26494 | Snake:1  | Noticed Aizul
 26497 | Snake:1  | XOM: give mutations
 26497 | Snake:1  | Lost mutation: You are very clumsy. (Dex -4) [Xom's
                  | mischief]
 26497 | Snake:1  | Lost mutation: You are clumsy. (Dex -2) [Xom's mischief]
 26497 | Snake:1  | Gained mutation: You are weak. (Str -2) [Xom's mischief]
 26497 | Snake:1  | Lost mutation: You are weak. (Str -2) [Xom's mischief]
 26501 | Snake:1  | XOM: polymorph Aizul -> Aizul
 26521 | Snake:1  | Killed Aizul
 26531 | Snake:1  | XOM: swap monsters
 26566 | Snake:1  | Reached skill level 10 in Evocations
 26586 | Snake:1  | XOM: stat loss: -1 Str (25/26)
 26644 | Snake:1  | Upgraded the game from 0.28-a0-544-g207b005307 to
                  | 0.28-a0-561-gc72452776e
 26681 | Snake:1  | Found Essastio's Magic Scroll Boutique.
 26685 | Snake:1  | Found Ylaoqua's Armour Shop.
 26686 | Snake:1  | Found Peon's Antique Weapon Boutique.
 26697 | Snake:1  | Bought a scroll of fear for 59 gold pieces
 26697 | Snake:1  | Bought a scroll of enchant weapon for 127 gold pieces
 26742 | Lair:2   | XOM: summons 9 hostile demons
 26922 | Lair:1   | XOM: stat loss: -1 Dex (9/10)
 27285 | Lair:3   | Reached skill level 13 in Armour
 27285 | Lair:3   | Reached skill level 1 in Summonings
 27290 | Lair:3   | Learned a level 4 spell: Animate Armour
 27336 | Snake:1  | XOM: polymorph naga -> ice beast
 27425 | Snake:1  | Reached skill level 2 in Summonings
 27537 | Snake:1  | Reached skill level 3 in Summonings
 27585 | Snake:1  | Reached skill level 4 in Summonings
 27611 | Snake:1  | XOM: swap monsters
 27633 | Snake:1  | Reached skill level 5 in Summonings
 27675 | Snake:1  | Reached skill level 6 in Summonings
 27741 | Snake:1  | Reached skill level 7 in Summonings
 27862 | Snake:1  | Reached skill level 8 in Summonings
 27871 | Snake:1  | Identified the +5 hand crossbow "Keyroori" {flame, rElec
                  | rF+ Will+}
 27930 | Snake:1  | XOM: fog
 28036 | Snake:2  | Found Wotsoq's Jewellery Emporium.
 28042 | Snake:2  | You fall into a shaft and drop 1 floor!
 28057 | Snake:3  | Reached skill level 9 in Summonings
 28061 | Snake:3  | XOM: divination: magic mapping
 28114 | Snake:2  | Noticed Donald
 28114 | Snake:2  | Found Idurosogh's Weapon Shop.
 28115 | Snake:2  | Noticed Vashnia
 28153 | Snake:3  | Reached skill level 10 in Summonings
 28161 | Snake:3  | Reached skill level 1 in Earth Magic
 28207 | Snake:3  | Reached skill level 2 in Earth Magic
 28367 | Snake:3  | Found a flickering gateway to a bazaar.
 28381 | Snake:3  | XOM: cleaving
 28386 | Snake:3  | Reached skill level 3 in Earth Magic
 28389 | Snake:3  | XOM: god gift: glowing morningstar {god gift}
 28396 | Bazaar   | Entered a bazaar
 28396 | Bazaar   | Found Panliah's Book Emporium.
 28396 | Bazaar   | Found Nufov's Antique Weapon Emporium.
 28414 | Bazaar   | Found Hakyoth's General Store.
 28425 | Bazaar   | Found Aggauts's Distillery.
 28433 | Bazaar   | Bought a potion of heal wounds for 60 gold pieces
 28433 | Bazaar   | Bought a potion of heal wounds for 60 gold pieces
 28433 | Bazaar   | Bought a potion of heal wounds for 60 gold pieces
 28433 | Bazaar   | Bought a potion of heal wounds for 60 gold pieces
 28445 | Bazaar   | Found Limoc's Antique Armour Boutique.
 28474 | Bazaar   | Bought a scroll of vulnerability for 97 gold pieces
 28474 | Bazaar   | Bought a scroll of enchant armour for 97 gold pieces
 28474 | Bazaar   | Bought 2 potions of curing for 78 gold pieces
 28474 | Bazaar   | Bought a wand of iceblast (7) for 143 gold pieces
 28474 | Bazaar   | Bought a scroll of fog for 26 gold pieces
 28485 | Bazaar   | Bought a potion of curing for 36 gold pieces
 28485 | Bazaar   | Bought a potion of curing for 36 gold pieces
 28485 | Bazaar   | Bought a potion of curing for 36 gold pieces
 28485 | Bazaar   | Bought a potion of attraction for 36 gold pieces
 28485 | Bazaar   | Bought a potion of mutation for 96 gold pieces
 28521 | Snake:3  | Noticed Bai Suzhen
 28539 | Snake:3  | Killed Bai Suzhen
 28540 | Snake:3  | Reached skill level 11 in Summonings
 28540 | Snake:3  | Reached skill level 4 in Earth Magic
 28635 | Snake:3  | XOM: give mutations
 28635 | Snake:3  | Lost mutation: Your body sometimes deteriorates upon taking
                  | damage. [Xom's mischief]
 28635 | Snake:3  | Lost mutation: You are dopey. (Int -2) [Xom's mischief]
 28635 | Snake:3  | Gained mutation: You are frail. (-10% HP) [Xom's mischief]
 28934 | Snake:3  | XOM: god gift: scroll of noise
 28949 | Snake:3  | Reached skill level 5 in Earth Magic
 29522 | Snake:2  | XOM: draining
 29597 | Snake:2  | Found Karas's Distillery.
 29632 | Snake:2  | Bought a potion of heal wounds for 75 gold pieces
 29737 | Snake:2  | Lost mutation: Your skin changes colour to match your
                  | surroundings (Stealth+). [potion of mutation]
 29737 | Snake:2  | Lost mutation: Your spells are a little harder to cast, but
                  | a little more powerful. [potion of mutation]
 29737 | Snake:2  | Lost mutation: You possess an exceptional clarity of mind.
                  | [potion of mutation]
 29737 | Snake:2  | Gained mutation: You are somewhat resistant to further
                  | mutation. [potion of mutation]
 29737 | Snake:2  | Lost mutation: You are somewhat resistant to further
                  | mutation. [potion of mutation]
 29737 | Snake:2  | Lost mutation: You are frail. (-10% HP) [potion of
                  | mutation]
 29757 | Snake:2  | Reached skill level 12 in Summonings
 29762 | Snake:2  | XOM: enchant monster (bad)
 29770 | Snake:2  | Reached skill level 6 in Earth Magic
 29875 | Snake:2  | XOM: enchant monster (bad)
 29903 | Snake:2  | Reached XP level 18. HP: 128/162 MP: 19/19
 29918 | Snake:2  | XOM: give mutations
 29918 | Snake:2  | Gained mutation: You are clumsy. (Dex -2) [Xom's mischief]
 29918 | Snake:2  | Gained mutation: You are dopey. (Int -2) [Xom's mischief]
 29930 | Snake:2  | XOM: blink monster(s)
 29939 | Snake:2  | Killed Vashnia
 29940 | Snake:2  | Reached skill level 10 in Shields
 29996 | Snake:2  | XOM: swap monsters
 30102 | Snake:2  | XOM: give mutations
 30102 | Snake:2  | Gained mutation: Your body sometimes deteriorates upon
                  | taking damage. [Xom's mischief]
 30102 | Snake:2  | Lost mutation: You have an increased reservoir of magic.
                  | (+10% MP) [Xom's mischief]
 30102 | Snake:2  | Gained mutation: You are weak. (Str -2) [Xom's mischief]
 30135 | Snake:2  | Killed Donald
 30140 | Snake:2  | XOM: give mutations
 30140 | Snake:2  | Lost mutation: Your body sometimes deteriorates upon taking
                  | damage. [Xom's mischief]
 30140 | Snake:2  | Gained mutation: You possess an exceptional clarity of
                  | mind. [Xom's mischief]
 30140 | Snake:2  | Gained mutation: Your spells are a little harder to cast,
                  | but a little more powerful. [Xom's mischief]
 30148 | Snake:2  | Reached skill level 11 in Shields
 30187 | Snake:2  | XOM: stat loss: -1 Dex (7/8)
 30222 | Snake:2  | Found Ofoh's Book Shop.
 30348 | Snake:2  | Identified the +8 flail "Viciujel" {drain, Int+2}
 30482 | Snake:2  | XOM is BORED!
 30482 | Snake:2  | XOM: summons 4 hostile demons
 30510 | Snake:2  | XOM: give mutation
 30510 | Snake:2  | Lost mutation: You are weak. (Str -2) [Xom's mischief]
 30617 | Snake:4  | Entered Level 4 of the Snake Pit
 30643 | Snake:4  | XOM: smoke on damage
 30650 | Snake:4  | Reached skill level 12 in Shields
 30907 | Snake:4  | XOM: give mutation
 30907 | Snake:4  | Gained mutation: Your movements are slightly less
                  | encumbered by armour. (ER -2) [Xom's mischief]
 30984 | Snake:4  | Reached skill level 13 in Shields
 31247 | Snake:4  | XOM: summons 1 hostile demon
 31448 | Snake:4  | XOM: enchant monster (bad)
 31456 | Snake:4  | XOM: chaos upgrade
 31481 | Snake:4  | Reached skill level 14 in Shields
 31482 | Snake:4  | Identified the ring of Yrphir {*Slow +Blink rPois rCorr
                  | MP+9} (Xom gifted it to you on level 4 of the Snake Pit)
 31482 | Snake:4  | XOM: god gift: ring of Yrphir {*Slow +Blink rPois rCorr
                  | MP+9}
 31674 | Snake:4  | Reached skill level 15 in Shields
 31742 | Snake:4  | Got a serpentine rune of Zot
 31792 | Snake:4  | XOM: divination: magic mapping
 31879 | Snake:4  | XOM: noise
 32163 | Shoals:1 | Entered Level 1 of the Shoals
 32176 | Lair:4   | Reached skill level 7 in Earth Magic
 32277 | Shoals:1 | XOM: smoke on damage
 32509 | Elf:1    | Entered Level 1 of the Elven Halls
 32585 | Elf:1    | XOM: enchant monster (bad)
 32590 | Elf:1    | Reached skill level 13 in Summonings
 32590 | Elf:1    | Reached XP level 19. HP: 167/169 MP: 19/19
 32601 | Elf:1    | Found a magical portal.
 32610 | WizLab   | Entered Lehudib's Moon Base
 32663 | WizLab   | Reached skill level 8 in Earth Magic
 32672 | WizLab   | Found a transporter.
 32685 | WizLab   | XOM: summons 2 hostile shadow creatures
 32730 | WizLab   | XOM: summons 2 hostile shadow creatures
 32916 | Elf:1    | XOM: give mutations
 32916 | Elf:1    | Gained mutation: You are frail. (-10% HP) [Xom's mischief]
 32916 | Elf:1    | Lost mutation: You are frail. (-10% HP) [Xom's mischief]
 32922 | Elf:1    | XOM: polymorph deep elf zephyrmancer -> tarantella
 32931 | Elf:1    | XOM: noise
 32937 | Elf:1    | Reached skill level 14 in Summonings
 32937 | Elf:1    | Reached skill level 9 in Earth Magic
 32953 | Elf:1    | XOM: cast spell 'Shadow Creatures'
 32955 | Elf:1    | XOM: chaos cloud
 32960 | Elf:1    | XOM: swap monsters
 32973 | Elf:1    | XOM: summons 4 hostile demons
 32996 | Elf:1    | Reached skill level 10 in Earth Magic
 33034 | Elf:1    | Reached skill level 1 in Spellcasting
 33083 | Elf:1    | XOM: swap monsters
 33096 | Elf:1    | Reached skill level 2 in Spellcasting
 33100 | Elf:1    | XOM: chaos upgrade
 33125 | Elf:1    | XOM: enchant monster (bad)
 33164 | Elf:1    | Got the Papyrus of Dark Secrets and Execration
 33165 | Elf:1    | Identified the ring of Beaddouth {rF+ Int+3}
 33172 | Elf:1    | XOM: give mutations
 33172 | Elf:1    | Gained mutation: You are very dopey. (Int -4) [Xom's
                  | mischief]
 33172 | Elf:1    | Lost mutation: You are very dopey. (Int -4) [Xom's
                  | mischief]
 33172 | Elf:1    | Gained mutation: You are very clumsy. (Dex -4) [Xom's
                  | mischief]
 33172 | Elf:1    | Lost mutation: You are very clumsy. (Dex -4) [Xom's
                  | mischief]
 33431 | Elf:1    | Reached skill level 3 in Spellcasting
 33432 | Elf:1    | XOM: torment (94/169 hp)
 33535 | Elf:1    | Got Veyrusk's Handbook of Unholy Magic
 33655 | Elf:1    | XOM: noise
 33774 | Elf:1    | Found Qinydin's General Store.
 33782 | Elf:1    | Bought a potion of heal wounds for 70 gold pieces
 33801 | Elf:1    | XOM: silly message
 33856 | Elf:1    | Reached skill level 4 in Spellcasting
 34206 | Elf:1    | Learned a level 5 spell: Irradiate
 34214 | Elf:1    | Learned a level 7 spell: Haunt
 34305 | Elf:2    | Reached skill level 14 in Armour
 34310 | Elf:2    | XOM: stat loss: -1 Str (26/27)
 34317 | Elf:2    | XOM: divination: detect creatures
 34580 | Elf:2    | XOM: polymorph deep elf knight -> torpor snail
 34644 | Elf:2    | XOM: fog
 34645 | Elf:2    | Reached skill level 5 in Spellcasting
 34718 | Elf:2    | Reached skill level 15 in Summonings
 34719 | Elf:2    | Reached XP level 20. HP: 176/176 MP: 27/27
 34890 | Elf:2    | XOM: divination: detect creatures
 35001 | Elf:2    | Reached skill level 6 in Spellcasting
 35074 | Elf:2    | Found a runed translucent gate.
 35075 | Elf:2    | Found a runed translucent gate.
 35075 | Elf:2    | Found a runed translucent gate.
 35188 | Elf:3    | Entered Level 3 of the Elven Halls
 35188 | Elf:3    | Found a shimmering blue altar of Sif Muna.
 35199 | Elf:3    | Found a radiant altar of Vehumet.
 35303 | Elf:3    | XOM: summons 2 hostile shadow creatures
 35433 | Elf:3    | XOM: give mutation
 35433 | Elf:3    | Gained mutation: You are very clumsy. (Dex -4) [Xom's
                  | mischief]
 35437 | Elf:3    | Reached skill level 15 in Armour
 35466 | Elf:3    | XOM: torment (91/176 hp)
 35468 | Elf:3    | XOM: cleaving
 35565 | Elf:3    | Identified the +10 mace of Moelimytt {drain, rElec Will+
                  | MP+9}
 35570 | Elf:3    | XOM: god gift: Aloituu's Papyrus of Poison {god gift}
 35644 | Elf:3    | Found Cyilob's Distillery.
 35652 | Elf:3    | Bought a potion of heal wounds for 75 gold pieces
 35797 | Elf:3    | Cast into level 2 of the Abyss (a deep elf sorcerer)
 35821 | Abyss:2  | XOM: smoke on damage
 35957 | Abyss:2  | XOM: noise
 35963 | Abyss:2  | Reached skill level 11 in Evocations
 35991 | Abyss:2  | XOM: silly message
 36072 | Abyss:2  | Identified the +3 broad axe "Leviticus" {vorpal, *Corrode
                  | Int+4 Dex+3 SInv}
 36086 | Abyss:2  | Noticed a tentacled monstrosity
 36093 | Abyss:2  | Killed a tentacled monstrosity
 36191 | Abyss:2  | XOM: swap monsters
 36218 | Abyss:2  | Noticed a bone dragon
 36226 | Abyss:2  | Killed a bone dragon
 36305 | Abyss:2  | Gained mutation: You sometimes lose the ability to read
                  | scrolls when taking damage. [a neqoxec]
 36373 | Abyss:2  | XOM: give mutations
 36373 | Abyss:2  | Lost mutation: Your spells are a little harder to cast, but
                  | a little more powerful. [Xom's mischief]
 36373 | Abyss:2  | Lost mutation: You are dopey. (Int -2) [Xom's mischief]
 36373 | Abyss:2  | Lost mutation: You sometimes lose the ability to read
                  | scrolls when taking damage. [Xom's mischief]
 36373 | Abyss:2  | Gained mutation: You sometimes lose the ability to read
                  | scrolls when taking damage. [Xom's mischief]
 36415 | Elf:3    | Escaped the Abyss
 36464 | Elf:3    | Found a shimmering blue altar of Sif Muna.
 36671 | Elf:3    | Reached skill level 12 in Evocations
 36818 | Elf:3    | Reached skill level 21 in Fighting
 36868 | Elf:3    | XOM: give mutation
 36868 | Elf:3    | Gained mutation: You passively map a small area around you.
                  | [Xom's grace]
 37092 | Elf:3    | Noticed an Ice Fiend
 37105 | Elf:3    | Identified the ring "Veakk" {Ice +Blink rN+ Int+7}
 37113 | Elf:3    | XOM: fog
 37125 | Elf:3    | XOM: god gift: wand of flame (21)
 37252 | Elf:3    | XOM: give mutations
 37252 | Elf:3    | Lost mutation: You are very clumsy. (Dex -4) [Xom's grace]
 37252 | Elf:3    | Gained mutation: You expend magic power (3 MP) to
                  | strengthen your wands. [Xom's grace]
 37252 | Elf:3    | Gained mutation: You are partially covered in iridescent
                  | scales. (AC +2) [Xom's grace]
 37445 | Elf:3    | XOM: silly message
 37620 | Elf:3    | XOM: god gift: staff of air
 37898 | Elf:3    | XOM: enchant monster (good)
 37930 | Elf:3    | XOM: enchant monster (good)
 38167 | Elf:3    | Identified the +7 eveningstar of Malaise {spect, +Blink}
 38169 | Elf:3    | Identified the amulet "Nofrumaz" {Reflect Str+3 SH+5}
 38228 | Elf:3    | Reached XP level 21. HP: 187/187 MP: 30/30
 38229 | Elf:3    | XOM: scenery: 1 doors close
 38332 | Elf:3    | Identified the +8 arbalest of Dishonour {penet, rC+ Dex+4
                  | SInv}
 38334 | Elf:3    | Got the Handbook of the Voyage and the Oath
 38342 | Elf:3    | Got the Handbook of Contamination
 38818 | Shoals:1 | XOM: confuse monster(s)
 39026 | Shoals:1 | Reached skill level 22 in Fighting
 39107 | Shoals:1 | XOM: give mutations
 39107 | Shoals:1 | Lost mutation: You are partially covered in iridescent
                  | scales. (AC +2) [Xom's mischief]
 39107 | Shoals:1 | Lost mutation: You are clumsy. (Dex -2) [Xom's mischief]
 39107 | Shoals:1 | Gained mutation: You are dopey. (Int -2) [Xom's mischief]
 39333 | Shoals:1 | Noticed Nikola
 39333 | Shoals:1 | XOM: summons 4 hostile shadow creatures
 39346 | Shoals:1 | Killed Nikola
 39447 | Shoals:1 | XOM: give mutations
 39447 | Shoals:1 | Gained mutation: You are frail. (-10% HP) [Xom's mischief]
 39447 | Shoals:1 | Gained mutation: Your body sometimes deteriorates upon
                  | taking damage. [Xom's mischief]
 39447 | Shoals:1 | Lost mutation: Your body sometimes deteriorates upon taking
                  | damage. [Xom's mischief]
 39447 | Shoals:1 | Lost mutation: You passively map a small area around you.
                  | [Xom's mischief]
 39540 | Shoals:1 | XOM: blink monster(s)
 39922 | Shoals:2 | Identified the +4 chain mail "Zunen" {Dex+6}
 40007 | Shoals:2 | XOM: give mutations
 40007 | Shoals:2 | Lost mutation: You sometimes lose the ability to read
                  | scrolls when taking damage. [Xom's mischief]
 40007 | Shoals:2 | Gained mutation: You are very frail. (-20% HP) [Xom's
                  | mischief]
 40007 | Shoals:2 | Lost mutation: You expend magic power (3 MP) to strengthen
                  | your wands. [Xom's mischief]
 40007 | Shoals:2 | Gained mutation: You have sharp toenails. [Xom's mischief]
 40064 | Shoals:2 | Noticed Roxanne
 40120 | Shoals:2 | XOM: chaos cloud
 40311 | Shoals:2 | XOM: give mutation
 40311 | Shoals:2 | Lost mutation: You are very frail. (-20% HP) [Xom's
                  | mischief]
 40687 | Shoals:3 | XOM: chaos upgrade
 40866 | Shoals:3 | XOM: cast spell 'Summon Hydra'
 40966 | Shoals:3 | XOM: enchant monster (good)
 41272 | Shoals:3 | XOM: give mutations
 41272 | Shoals:3 | Gained mutation: Armour fits poorly on your strangely
                  | shaped body. [Xom's mischief]
 41272 | Shoals:3 | Gained mutation: Your body sometimes deteriorates upon
                  | taking damage. [Xom's mischief]
 41334 | Shoals:4 | Entered Level 4 of the Shoals
 41436 | Shoals:4 | Reached skill level 23 in Fighting
 41456 | Shoals:4 | XOM: enchant monster (good)
 41563 | Shoals:4 | Found a blossoming altar of Fedhas.
 41571 | Shoals:4 | Reached skill level 16 in Armour
 41580 | Shoals:4 | XOM: noise
 41812 | Shoals:4 | XOM: scenery: create altars
 41833 | Shoals:4 | XOM: divination: magic mapping
 41859 | Shoals:4 | XOM: cast spell 'Summon Horrible Things'
 42020 | Shoals:4 | XOM: potion effect (brilliance)
 42048 | Shoals:4 | XOM: silly message
 42074 | Shoals:4 | Identified the ring "Estray" {rPois Will+ rCorr}
 42077 | Shoals:4 | Identified the +0 plate armour of the Swamp {rF+ Will+
                  | Int+4}
 42079 | Shoals:4 | XOM: potion effect (brilliance)
 42136 | Shoals:4 | Reached XP level 22. HP: 180/180 MP: 31/31
 42151 | Shoals:4 | Got a barnacled rune of Zot
 42167 | Shoals:4 | XOM: potion effect (invisibility)
 42190 | Shoals:4 | XOM: silly message
 42206 | Shoals:4 | XOM: potion effect (invisibility)
 42423 | Shoals:4 | XOM: potion effect (might)
 42426 | Shoals:4 | XOM: silly message
 42801 | D:11     | XOM: silly message
 42880 | Vaults:1 | Entered Level 1 of the Vaults
 42912 | Vaults:1 | XOM: smoke on damage
 43105 | Vaults:1 | XOM: scenery: create altars
 43211 | Vaults:1 | Reached skill level 17 in Armour
 43258 | Vaults:1 | XOM: divination: detect items
 43475 | Vaults:1 | XOM: enchant monster (good)
 43606 | Vaults:1 | XOM: god gift: scroll of amnesia
 43701 | Vaults:1 | Found Yryduck's Antique Weapon Shop.
 43735 | Vaults:1 | XOM: silly message
 43741 | Vaults:1 | XOM: enchant monster (good)
 44011 | Vaults:1 | Reached skill level 24 in Fighting
 44061 | Vaults:1 | XOM: blink monster(s)
 44124 | Vaults:1 | Noticed a golden dragon
 44134 | Vaults:1 | XOM: chaos upgrade
 44137 | Vaults:1 | Killed a golden dragon
 44253 | Vaults:1 | Reached skill level 18 in Armour
 44294 | Vaults:1 | XOM: chaos upgrade
 44370 | Vaults:1 | XOM: silly message
 44596 | Vaults:2 | XOM: summons friendly white imp
 44608 | Vaults:2 | XOM: blink monster(s)
 44766 | Vaults:2 | XOM: enchant monster (good)
 44768 | Vaults:2 | XOM: swap monsters
 44939 | Vaults:2 | XOM: cast spell 'Summon Hydra'
 44951 | Vaults:2 | Reached XP level 23. HP: 189/189 MP: 32/32
 44953 | Vaults:2 | XOM: cloud trail
 45126 | Vaults:2 | XOM: polymorph polar bear -> wind drake
 45210 | Vaults:2 | XOM: scenery: 1 doors close
 45276 | Vaults:2 | XOM: cast spell 'Disjunction'
 45303 | Vaults:2 | XOM: confuse monster(s)
 45323 | Vaults:2 | XOM: god gift: +2 scale mail of positive energy
 45338 | Vaults:2 | XOM: scenery: 2 doors close
 45441 | Vaults:2 | XOM: potion effect (brilliance)
 45449 | Vaults:2 | Reached skill level 19 in Armour
 45618 | Vaults:2 | Found a staircase to the Crypt.
 45618 | Vaults:2 | Found an ancient bone altar of Kikubaaqudgha.
 45619 | Vaults:2 | Found a basalt altar of Yredelemnul.
 45662 | Vaults:2 | Found Lolothri's Book Boutique.
 45941 | Vaults:3 | Reached skill level 25 in Fighting
 45960 | Vaults:3 | XOM: swap monsters
 45991 | Vaults:3 | Found a runed translucent door.
 45991 | Vaults:3 | Noticed Qeott's ghost (adept GnCj)
 46008 | Vaults:3 | XOM is BORED!
 46075 | Vaults:3 | XOM: summons 15 friendly demons
 46112 | Vaults:3 | XOM: noise
 46237 | Vaults:3 | XOM: noise
 46534 | Vaults:3 | You fall into a shaft and drop 1 floor!
 46545 | Vaults:4 | XOM: polymorph vault warden -> quicksilver dragon
 46547 | Vaults:4 | XOM: smoke on damage
 46639 | Vaults:4 | Noticed Jory
 46653 | Vaults:4 | Killed Jory
 46667 | Vaults:4 | Identified the +6 demon trident of Wisdom {vamp, rElec
                  | rPois rC+++ Will-}
 46766 | Vaults:4 | XOM: polymorph deep troll -> swamp worm
 46780 | Vaults:4 | XOM: enchant monster (bad)
 46781 | Vaults:4 | XOM: enchant monster (bad)
 46793 | Vaults:4 | Reached skill level 20 in Armour
 47014 | Vaults:4 | XOM: destruction
 47015 | Vaults:4 | XOM: cast spell 'Olgreb's Toxic Radiance'
 47016 | Vaults:4 | XOM: summons friendly iron imp
 47149 | Vaults:4 | Noticed Xtahua
 47155 | Vaults:4 | XOM: god gift: 20 stones
 47178 | Vaults:4 | XOM: enchant monster (good)
 47184 | Vaults:4 | Reached skill level 26 in Fighting
 47190 | Vaults:4 | Killed Xtahua
 47253 | Vaults:4 | XOM: cast spell 'Shadow Creatures'
 47275 | Vaults:4 | XOM: destruction
 47298 | Vaults:4 | XOM: summons 2 friendly demons
 47621 | Vaults:4 | Found Zaiforgh's General Store.
 47629 | Vaults:4 | Bought a scroll of enchant armour for 127 gold pieces
 47645 | Vaults:4 | XOM: summons 2 friendly demons
 47646 | Vaults:4 | XOM: cast spell 'Discord'
 47647 | Vaults:4 | Reached XP level 24. HP: 192/202 MP: 32/32
 47697 | Vaults:4 | XOM: scenery: 2 doors open
 47858 | Vaults:4 | XOM: enchant monster (good)
 48133 | Vaults:4 | XOM: scenery: 2 doors close
 48325 | D:14     | XOM: give mutation
 48325 | D:14     | Gained mutation: Your spells are a little harder to cast,
                  | but a little more powerful. [Xom's grace]
 48384 | Depths:1 | Entered Level 1 of the Depths
 48385 | Depths:1 | Found Lighak's Antique Weapon Boutique.
 48387 | Depths:1 | Found Alawoleg's Weapon Boutique.
 48387 | Depths:1 | Found Ysabb's Armour Shop.
 48390 | Depths:1 | Found Locozout's Assorted Antiques.
 48400 | Depths:1 | Bought a runed cloak for 300 gold pieces
 48412 | Depths:1 | Got the Collected Works on the Arsonist and Black Secrets
 48429 | Depths:1 | XOM: summons friendly iron imp
 48475 | Depths:1 | XOM: cast spell 'Alistair's Intoxication'
 48491 | Depths:1 | XOM: summons friendly crimson imp
 48498 | Depths:1 | Reached skill level 27 in Fighting
 48507 | Depths:1 | XOM: summons friendly crimson imp
 48511 | Depths:1 | Noticed Sojobo
 48530 | Depths:1 | XOM: confuse monster(s)
 48553 | Depths:1 | Killed Sojobo
 48658 | Depths:1 | XOM: give mutations
 48658 | Depths:1 | Gained mutation: You passively dampen the noise of your
                  | surroundings. [Xom's grace]
 48658 | Depths:1 | Gained mutation: You expend magic power (3 MP) to
                  | strengthen your wands. [Xom's grace]
 48659 | Depths:1 | Lost mutation: Your spells are a little harder to cast, but
                  | a little more powerful. [potion of mutation]
 48659 | Depths:1 | Lost mutation: You are dopey. (Int -2) [potion of mutation]
 48659 | Depths:1 | Lost mutation: You have sharp toenails. [potion of
                  | mutation]
 48659 | Depths:1 | Gained mutation: You are partially covered in iridescent
                  | scales. (AC +2) [potion of mutation]
 48660 | Depths:1 | Lost mutation: You are frail. (-10% HP) [potion of
                  | mutation]
 48660 | Depths:1 | Lost mutation: You possess an exceptional clarity of mind.
                  | [potion of mutation]
 48660 | Depths:1 | Gained mutation: You are resistant to electric shocks.
                  | (rElec) [potion of mutation]
 48660 | Depths:1 | Lost mutation: Armour fits poorly on your strangely shaped
                  | body. [potion of mutation]
 48660 | Depths:1 | Gained mutation: You have hidden genetic potential. [potion
                  | of mutation]
 48767 | Depths:1 | Found a one-way gate leading to the halls of Pandemonium.
 48838 | Depths:1 | Reached skill level 13 in Evocations
 48844 | Depths:1 | XOM: summons friendly quasit
 48862 | Depths:1 | XOM: fake destruction
 48920 | Depths:1 | XOM: enchant monster (good)
 48939 | Depths:1 | XOM: god gift: 30 gold pieces
 49025 | Depths:1 | XOM: summons friendly quasit
 49155 | Depths:1 | Found Suafros's Book Emporium.
 49206 | Depths:1 | Reached skill level 14 in Evocations
 49256 | Depths:1 | XOM: give mutations
 49256 | Depths:1 | Gained mutation: You are covered in fur. (AC +1) [Xom's
                  | grace]
 49256 | Depths:1 | Gained mutation: Your flesh is heat resistant. (rF+) [Xom's
                  | grace]
 49256 | Depths:1 | Gained mutation: Your muscles are strong. (Str +2) [Xom's
                  | grace]
 49363 | Depths:1 | Found a gateway to Hell.
 49430 | Depths:1 | XOM: cleaving
 49553 | Depths:1 | XOM: summons 5 hostile demons
 49564 | Depths:1 | XOM: confusion (+ monsters)
 49567 | Depths:1 | Noticed Louise
 49571 | Depths:1 | XOM: stat loss: -1 Int (12/13)
 49578 | Depths:1 | XOM: silly message
 49597 | Depths:1 | XOM: swap monsters
 49599 | Depths:1 | XOM: fog
 49617 | Depths:1 | Killed Louise
 49686 | Depths:1 | Reached skill level 15 in Evocations
 49775 | Depths:1 | Found a one-way gate to the infinite horrors of the Abyss.
 50031 | Depths:2 | Noticed a golden dragon
 50036 | Depths:2 | Killed a golden dragon
 50056 | Depths:2 | Reached skill level 9 in Dodging
 50229 | Depths:2 | Reached skill level 10 in Dodging
 50296 | Depths:2 | Reached XP level 25. HP: 230/234 MP: 32/32
 50298 | Depths:2 | XOM: enchant monster (good)
 50311 | Depths:2 | XOM: smoke on damage
 50362 | Depths:2 | XOM: divination: detect items
 50442 | Depths:2 | XOM: god gift: wand of mindburst (7)
 50717 | Depths:2 | Reached skill level 11 in Dodging
 50731 | Depths:2 | You fall into a shaft and drop 1 floor!
 50766 | Depths:3 | XOM: polymorph sphinx -> ice dragon
 50824 | Depths:3 | XOM: enchant monster (good)
 50885 | Depths:3 | XOM: scenery: 4 doors open
 50943 | Depths:3 | Noticed Mara
 50955 | Depths:3 | Killed Mara
 50987 | Depths:3 | XOM: cast spell 'Summon Dragon'
 50989 | Depths:3 | Reached skill level 12 in Dodging
 51001 | Depths:3 | Gained mutation: Your flesh is cold resistant. (rC+)
                  | [hidden potential]
 51171 | Depths:3 | XOM: scenery: 1 fountains blood, 2 doors close
 51200 | Depths:3 | XOM: confuse monster(s)
 51207 | Depths:3 | XOM: silly message
 51328 | Depths:3 | XOM: give mutation
 51328 | Depths:3 | Lost mutation: Your flesh is heat resistant. (rF+) [Xom's
                  | mischief]
 51631 | Depths:3 | XOM: stat loss: -1 Int (12/13)
 51767 | Depths:2 | XOM: give mutations
 51767 | Depths:2 | Lost mutation: Your muscles are strong. (Str +2) [Xom's
                  | mischief]
 51767 | Depths:2 | Gained mutation: Your body often deteriorates upon taking
                  | damage. [Xom's mischief]
 51767 | Depths:2 | Lost mutation: You are resistant to electric shocks.
                  | (rElec) [Xom's mischief]
 51969 | Depths:4 | Entered Level 4 of the Depths
 51995 | Depths:4 | Reached skill level 21 in Armour
 52102 | Depths:4 | XOM: noise
 52265 | Depths:3 | Noticed a caustic shrike
 52265 | Depths:3 | Noticed a caustic shrike
 52265 | Depths:3 | Noticed a caustic shrike
 52275 | Depths:4 | XOM: enchant monster (bad)
 52284 | Depths:4 | Killed a caustic shrike
 52287 | Depths:4 | XOM: confusion
 52313 | Depths:4 | Killed a caustic shrike
 52334 | Depths:4 | XOM: give mutations
 52334 | Depths:4 | Lost mutation: You are partially covered in iridescent
                  | scales. (AC +2) [Xom's mischief]
 52334 | Depths:4 | Lost mutation: You have hidden genetic potential. [Xom's
                  | mischief]
 52334 | Depths:4 | Gained mutation: You have sharp fingernails. [Xom's
                  | mischief]
 52334 | Depths:4 | Gained mutation: You are clumsy. (Dex -2) [Xom's mischief]
 52461 | Depths:4 | XOM: summons friendly ufetubus
 52623 | Depths:4 | Found a gateway to a ziggurat.
 52635 | Depths:4 | XOM: confuse monster(s)
 52654 | Depths:4 | XOM: scenery: summon butterflies
 52732 | Depths:4 | Reached skill level 22 in Armour
 52788 | Depths:4 | XOM: scenery: create altars
 52824 | Depths:4 | XOM: noise
 52918 | Depths:4 | Found Haarpholao's Book Boutique.
 53322 | Depths:4 | Found a gate to the Realm of Zot.
 53982 | Slime:1  | Entered Level 1 of the Pits of Slime
 54109 | Slime:1  | Reached XP level 26. HP: 238/239 MP: 32/32
 54129 | Slime:1  | XOM: summons friendly crimson imp
 54272 | Slime:3  | XOM: god gift: book of Ice
 54295 | Slime:5  | Entered Level 5 of the Pits of Slime
 54308 | Slime:5  | XOM: scenery: create altars
 54353 | Slime:5  | Reached skill level 23 in Armour
 54371 | Slime:5  | XOM: cloud trail
 54428 | Slime:5  | XOM: god gift: scale mail {god gift}
 54442 | Slime:5  | Found a viscous altar of Jiyva.
 54442 | Slime:5  | Noticed the Royal Jelly
 54446 | Slime:5  | XOM: confusion
 54467 | Slime:5  | Killed the Royal Jelly
 54561 | Slime:5  | Identified the +3 morningstar of the Ten Blessings {venom,
                  | Int+3}
 54563 | Slime:5  | Got a slimy rune of Zot
 54615 | Slime:5  | Identified the +1 ring mail "Selarucw" {rPois Will+ Int+4}
 54638 | Slime:5  | Identified the ring "Yphor" {Fire Slay+3}
 54650 | Slime:5  | Got Geuh's Incunabulum of Creative Execration
 54651 | Slime:5  | Identified the +0 cloak of Duorch {+Inv rCorr Str+4 Int-2}
 54670 | Slime:5  | Identified the +1 quarterstaff of Coiklok {vamp, +Blink}
 54893 | D:14     | XOM: silly message
 54953 | D:15     | XOM: summons 8 hostile demons
 55036 | D:15     | XOM: noise
 55071 | Depths:1 | XOM: silly message
 55209 | Zot:1    | Entered Level 1 of the Realm of Zot
 55215 | Zot:1    | XOM: noise
 55330 | Zot:3    | XOM: noise
 55357 | Zot:3    | XOM: cast spell 'Monstrous Menagerie'
 55363 | Zot:3    | Reached skill level 24 in Armour
 55429 | Zot:3    | XOM: noise
 55633 | Zot:3    | XOM: summons 2 friendly demons
 55643 | Zot:3    | XOM: swap monsters
 55728 | Zot:4    | XOM: divination: detect items
 55820 | Zot:5    | Entered Level 5 of the Realm of Zot
 55891 | Zot:5    | XOM: potion effect (curing)
 55915 | Zot:5    | Reached skill level 25 in Armour
 56050 | Zot:5    | Found a runed translucent gate.
 56050 | Zot:5    | Found a runed translucent gate.
 56050 | Zot:5    | Noticed Iwyxus's ghost (master BaIE)
 56051 | Zot:5    | Noticed Cureyg's ghost (legendary MiFi)
 56051 | Zot:5    | Found a runed translucent gate.
 56052 | Zot:5    | Noticed TZer0's ghost (master VSFi)
 56324 | Zot:5    | XOM: give mutations
 56324 | Zot:5    | Gained mutation: Your mind is acute. (Int +2) [Xom's grace]
 56324 | Zot:5    | Gained mutation: Your spells are a little harder to cast,
                  | but a little more powerful. [Xom's grace]
 56929 | Zot:5    | XOM: silly message
 56934 | Zot:5    | Noticed a Killer Klown
 56958 | Zot:5    | XOM: divination: magic mapping
 56967 | Zot:5    | Noticed a Killer Klown
 56982 | Zot:5    | Killed a Killer Klown
 56989 | Zot:5    | Noticed a Killer Klown
 56989 | Zot:5    | Noticed an orb of fire
 56990 | Zot:5    | Noticed a Killer Klown
 56998 | Zot:5    | Killed a Killer Klown
 56999 | Zot:5    | XOM: polymorph Orb Guardian -> fenstrider witch
 57001 | Zot:5    | XOM: summons 3 hostile demons
 57003 | Zot:5    | XOM: summons 1 hostile demon
 57013 | Zot:5    | Killed an orb of fire
 57014 | Zot:5    | Reached XP level 27. HP: 177/249 MP: 27/32
 57014 | Zot:5    | XOM: enchant monster (good)
 57018 | Zot:5    | Noticed a Killer Klown
 57022 | Zot:5    | Killed a Killer Klown
 57036 | Zot:5    | Killed a Killer Klown
 57037 | Zot:5    | Reached skill level 26 in Armour
 57065 | Zot:5    | Noticed an orb of fire
 57082 | Zot:5    | Killed a Killer Klown
 57154 | Zot:5    | Noticed a dread lich
 57163 | Zot:5    | XOM: potion effect (invisibility)
 57165 | Zot:5    | XOM: silly message
 57167 | Zot:5    | XOM: silly message
 57170 | Zot:5    | Killed a dread lich
 57236 | Zot:5    | XOM: cloud trail
 57257 | Zot:5    | XOM: scenery: summon butterflies
 57305 | Zot:5    | XOM: divination: detect creatures
 57345 | Zot:5    | Lost mutation: Your mind is acute. (Int +2) [an orb of
                  | fire]
 57361 | Zot:5    | Gained mutation: You are weak. (Str -2) [an orb of fire]
 57362 | Zot:5    | Lost mutation: You are clumsy. (Dex -2) [an orb of fire]
 57365 | Zot:5    | Killed an orb of fire
 57399 | Zot:5    | XOM: scenery: summon butterflies
 57402 | Zot:5    | Noticed a Killer Klown
 57576 | Zot:5    | XOM: scenery: 1 doors open
 57762 | Zot:5    | XOM: god gift: wand of acid (4)
 57807 | Zot:5    | XOM: scenery: create altars
 57831 | Zot:5    | XOM: enchant monster (good)
 57912 | Zot:5    | XOM: summons friendly iron imp
 57993 | Zot:5    | Got the Orb of Zot
 58047 | Zot:5    | XOM: scenery: summon butterflies
 58106 | Zot:3    | Reached skill level 27 in Armour
 58371 | D:15     | Noticed Ecraf the pandemonium lord
 58371 | D:15     | XOM: god gift: 2 silver javelins
 58384 | D:15     | XOM: cast spell 'Summon Small Mammal'
 58392 | D:15     | Killed Ecraf the pandemonium lord
 58406 | D:15     | Gained mutation: You sometimes lose the ability to read
                  | scrolls when taking damage. [a neqoxec]
 58658 | D:$      | Escaped with the Orb!

Illustrated notes

Levels and vault maps discovered:
D:1:      amcnicky_arrival_flooded_fountain, layout_loops_cross, serial_shops,
          shop
D:2:      layout_basic, item_on_display_a, uniq_crazy_yiuf_cottage
D:3:      layout_loops_corners, dreamdust_ecumenical_altar_grove,
          serial_bayou_ford_a, minmay_gold_behind_fungi
D:4:      layout_loops_ring, minmay_temple_entry_statues_fountains,
          serial_shops, nicolae_square_shop, shop, nicolae_shop_behind_doors,
          uniq_robin, uniq_edmund, uniq_ijyb, uniq_eustachio
D:5:      layout_rooms, nicolae_ru_great_annihilating_truth,
          portal_sewer_entry_b
D:6:      lemuel_slime, layout_basic, uniq_grinder, uniq_blork_the_orc
D:7:      layout_basic, minmay_door_square
D:8:      layout_rooms, serial_bayou_crossing, uniq_joseph, uniq_grum
D:9:      layout_rooms, david_orc_5, serial_shops, shop, nicolae_square_shop,
          shop, shop_statue, shop
D:10:     layout_loops_corners, nicolae_trove_entry_free_sample,
          kennysheep_generic_room_14
D:11:     layout_irregular_city, lair_entry_dummy, uniq_gastronok
D:12:     layout_cave_pools, serial_shops, shop_statue
D:13:     layout_basic, david_vaults_1, portal_ice_cave_entry_pillars_1,
          lightli_airlock, uniq_josephine, uniq_rupert
D:14:     layout_big_octagon, serial_shops, nicolae_shop_behind_doors,
          minmay_misc_feat_pillars, grunt_decor_arrowhead,
          kennysheep_generic_room_12
D:15:     grunt_enter_depths_snipers, layout_long_grid, minmay_misc_feat_tower,
          serial_park_tiny_pond
Lair:1:   gammafunk_worm_tunnel, layout_gridlike, uniq_urug, uniq_erica
Lair:2:   layout_roguey, lemuel_centaur_altar
Lair:3:   nzn_winding_woodlands_medium [nzn_winding_woodlands_5x5_closed_star,
          nzn_winding_woodlands_5x15_concentric,
          nzn_winding_woodlands_5x5_open_star,
          nzn_winding_woodlands_5x5_default,
          nzn_winding_woodlands_center_pierced_h,
          nzn_winding_woodlands_5x5_perimeter, nzn_winding_woodlands_5x5_three,
          nzn_winding_woodlands_5x15_jagged, nzn_winding_woodlands_5x5_default],
          layout_gridlike, dummy_snake_entry
Lair:4:   layout_cave_pods, minmay_shoals_entry_hut,
          ebering_ghost_reflecting_pool
Lair:5:   layout_hall_layers, st_stairs_9, chequers_serial_rivers_micro_d,
          uniq_kirke
Lair:6:   cheibrodos_lair_end_hotspot, layout_concentric_octagons,
          minmay_slime_entry_pillars, special_room [special_room_mythical_zoo],
          fungi_pond_lemuel, serial_bayou_pond_b, wad_woods_03
Shoals:1: layout_shoals, uniq_nikola
Shoals:2: layout_shoals, uniq_roxanne
Shoals:3: layout_shoals
Shoals:4: shoals_end_hellmonk_storm_palace [storm_palace_center_square,
          storm_palace_corner_altar, storm_palace_corner_narrow,
          storm_palace_corner_reverse_hut, storm_palace_corner_blocked]
Snake:1:  cheibrodos_snake_lava_hold, layout_rooms, special_room,
          minmay_shop_star, uniq_aizul
Snake:2:  layout_misc_corridors, serial_shops, shop, nicolae_diamond_shop, shop,
          nicolae_stop_n_shop_2, drop_trap, uniq_vashnia, uniq_donald
Snake:3:  layout_layer_cave, serial_shops, bzr_entry_gold, drop_trap,
          grunt_megastairs_1, uniq_bai_suzhen
Snake:4:  johnstein_snake_rune_scales, layout_misc_corridors, drop_trap
Slime:1:  layout_caves
Slime:2:  layout_caves
Slime:3:  layout_caves
Slime:4:  layout_caves, nicolae_slime_welcoming_committee
Slime:5:  uniq_dissolution
Orc:1:    layout_caves, serial_shops, shop_statue, uniq_snorg, uniq_erolcha
Orc:2:    st_orc_congregation, layout_diamond_mine, serial_shops, shop,
          minmay_shop_enchanted_jewellery, minmay_orc_treasury
Elf:1:    minmay_the_grid_octo_triangle [minmay_the_grid_octo_tetromino_candy,
          minmay_the_grid_octo_prize_ultimate_mussel_roller,
          minmay_the_grid_octo_horde], layout_loops_corners, serial_shops, shop,
          mu_enter_wizlab_2, minmay_elf_necromancy
Elf:2:    nicolae_elf_blades_crystal_corner, layout_gridlike, minivault_25,
          small_chamber_with_monster, einodemon_barbed_minivault
Elf:3:    elf_hall_gauntlet_wide, layout_geoelf_diagonals, basic_altar,
          serial_shops, nicolae_shop_temple_entry_statues_fountains,
          hangedman_feature_mirror
Vaults:1: st_greater_box_1, grunt_vaults_swirl, vaults_mumra_hexcomb, v_misc_4,
          ontoclasm_vaults_ligature, vaults_standard_mumra_x,
          layout_vaults_omnigrid, serial_shops, shop_statue
Vaults:2: minmay_crypt_entry_necro_gods, v_misc_31, nicolae_vaults_asterisk,
          hangedman_vaults_restitches, v_pattern_5, ontoclasm_vaults_gateway,
          nicolae_vaults_asterisk, serial_ice_m, hangedman_vaults_impose,
          dpeg_vaults_waves, v_misc_9, hangedman_vaults_pinch,
          nicolae_vaults_windows_and_doors_thing,
          hangedman_vaults_corner_blocks, nicolae_vaults_specimen_jars,
          layout_vaults_omnibox, serial_shops, shop_statue
Vaults:3: gammafunk_vaults_ghost_grave, nicolae_vaults_c_with_doors, v_misc_30,
          hangedman_vaults_cutoff, ontoclasm_vaults_chip,
          hangedman_vaults_snaps, hangedman_vaults_nails, vaults_dpeg_ring,
          v_misc_14, v_rooms_2, v_misc_13, grunt_vaults_hallway_short,
          vaults_dpeg_cross, layout_vaults_maze_bifur
Vaults:4: nicolae_vaults_alarming, v_misc_8, hangedman_vaults_maws,
          nicolae_vaults_border_crossing, nicolae_vaults_big_angled_halls,
          ontoclasm_vaults_misaligned, hangedman_vaults_capsules, v_misc_30,
          vaults_room_glass_cross, vaults_mumra_minichess_inversion, v_misc_19,
          vaults_room_semicircle, nicolae_vaults_diagonal_hallway_7,
          vaults_room_hallway, nicolae_vaults_little_squares_2,
          layout_vaults_omnicross, serial_shops, nicolae_shop_waterfront,
          uniq_jory, uniq_xtahua
Depths:1: minmay_glassy_protrusions, layout_honeycomb, serial_shops, shop,
          wad_floor_pattern_untrapped, grunt_pan_entry_spiral, pf_coc_iceberg,
          nicolae_abyss_entry_one_way_or_another,
          minmay_fractal_squares_diagonal_5, serial_bayou_shore_b,
          serial_bayou_shore_a, minmay_shoptagon, firewood_loft,
          grunt_megastairs_2, uniq_sojobo
Depths:2: minmay_bad_star, layout_basic, hell_entry, pan_entry
Depths:3: grunt_runaround [grunt_runaround_doors_1, grunt_runaround_doors_2,
          grunt_runaround_doors_3, grunt_runaround_doors_4,
          grunt_runaround_loot], hell_entry, abyss_entry, uniq_mara
Depths:4: evilmike_zot_entry_hall, layout_basic, enter_ziggurat_c, hell_entry,
          serial_shops, shop_fountains, minmay_liquid_box
Zot:1:    grunt_twist_and_shout, layout_cathedral_of_symmetry
Zot:2:    layout_gridlike, st_stairs_9, drop_trap, hangedman_zot_wheel_spokes
Zot:3:    layout_twisted_circle, grunt_ministairs_13, st_small_dragon_hoard_1,
          lemuel_baited_zot_trap, skrybe_zot_glass_1
Zot:4:    layout_gridville
Zot:5:    layout_basic, gammafunk_ghost_cemetery, st_stairs_14

Skill      XL: |  1  2  3  4  5  6  7  8  9 10 11 12 13 14 15 16 17 18 19 20 21 22 23 24 25 26 27 |
---------------+----------------------------------------------------------------------------------+-----
Stealth        | 2 3 |  3.0
Fighting       | 4 5 7 9 13 17 19 20 21 23 24 26 27 | 27.0
Staves         | 1 4 5 7 9 11 12 13 | 13.7
Shields        | 4 7 9 15 | 15.0
Evocations     | 4 6 9 10 12 15 | 15.3
Dodging        | 3 8 10 12 | 12.0
Armour         | 4 9 12 13 14 15 16 18 20 22 25 27 | 27.0
Summonings     | 12 13 15 | 15.0
Earth Magic    | 6 7 10 | 10.0
Spellcasting   | 5 6 |  6.0
Polearms       | |  3.9

Action                   |  1- 3 |  4- 6 |  7- 9 | 10-12 | 13-15 | 16-18 | 19-21 | 22-24 | 25-27 || total
-------------------------+-------+-------+-------+-------+-------+-------+-------+-------+-------++-------
Melee: Spear             |    92 |    16 |       |       |       |       |       |       |       ||   108
       Quarterstaff      |       |    87 |   187 |   329 |   878 |   484 |       |       |       ||  1965
       Kick              |       |       |       |       |   144 |       |       |       |       ||   144
       Lajatang          |       |       |       |       |       |   724 |  1459 |  1492 |  1207 ||  4882
Throw: Boomerang         |    32 |     3 |     1 |       |       |       |       |       |       ||    36
       Dart              |       |       |       |    15 |       |     7 |     1 |       |       ||    23
       Throwing net      |       |       |       |       |       |       |       |       |     4 ||     4
 Cast: Animate Armour    |       |       |       |       |       |       |    39 |    38 |     8 ||    85
 Abil: Dig               |     1 |     1 |     8 |    13 |    22 |    26 |    23 |     3 |    12 ||   109
Evoke: Wand              |       |       |       |     2 |     6 |     8 |    12 |     8 |    15 ||    51
       Tin of tremorston |       |       |       |       |     1 |     2 |     7 |     4 |     2 ||    16
       Phial of floods   |       |       |       |       |       |     2 |       |       |       ||     2
       Condenser vane    |       |       |       |       |       |       |     4 |     3 |     4 ||    11
       Phantom mirror    |       |       |       |       |       |       |       |     1 |     2 ||     3
  Use: Scroll            |     1 |     8 |     7 |     9 |     7 |     7 |     5 |     5 |    13 ||    62
       Potion            |       |       |     4 |     3 |     2 |     7 |     4 |     4 |    13 ||    37
 Stab: Sleeping          |     7 |     3 |       |       |       |       |       |       |       ||    10
       Paralysed         |     1 |       |     1 |     2 |     2 |     3 |     2 |       |    10 ||    21
       Invisible         |       |       |       |     5 |       |       |       |       |     1 ||     6
       Distracted        |       |       |       |     1 |     1 |       |       |     6 |       ||     8
       Confused          |       |       |       |     3 |     3 |     5 |     5 |     4 |     3 ||    23
       Petrified         |       |       |       |       |       |       |       |     7 |       ||     7
       Held in net/web   |       |       |       |       |       |       |       |       |     1 ||     1
       Petrifying        |       |       |       |       |       |       |       |       |     1 ||     1
Armor: Leather armour    |    30 |    10 |       |       |       |       |       |       |       ||    40
       Chain mail        |       |    27 |    64 |     6 |       |       |       |       |       ||    97
       Plate armour      |       |       |       |    64 |   147 |   338 |   456 |   460 |   523 ||  1988
       Skin              |       |       |       |       |       |       |       |       |     2 ||     2
Dodge: Dodged            |    47 |    36 |    39 |    45 |   165 |   211 |   248 |   319 |   299 ||  1409
Block: Kite shield       |       |    15 |    55 |   128 |   257 |   363 |       |       |       ||   818
       Tower shield      |       |       |       |       |       |    35 |   752 |   910 |   792 ||  2489
       Reflection        |       |       |       |       |       |       |       |       |    14 ||    14

Table legend: (Time is in decaauts)
 A = Elapsed time spent in this place.
 B = Non-inter-level travel time spent in this place.
 C = Inter-level travel time spent in this place.
 D = Time resting spent in this place.
 E = Time spent auto-exploring this place.
 F = Levels seen in this place.
 G = Mean time per level.
                   A        B        C        D        E       F      G
               +--------+--------+--------+--------+--------+-----+--------+
         Total |  57060 |  52078 |   4982 |   6398 |  31090 |  56 | 1018.9 |
       Dungeon |  15487 |  13730 |   1757 |    805 |  10109 |  15 | 1032.5 |
          Lair |  10084 |   9004 |   1080 |   1258 |   6420 |   6 | 1680.7 |
        Shoals |   3982 |   3832 |    150 |    205 |   2321 |   4 |  995.5 |
     Snake Pit |   4718 |   4418 |    300 |    226 |   2637 |   4 | 1179.5 |
    Slime Pits |    694 |    642 |     52 |    232 |      0 |   5 |  138.8 |
  Orcish Mines |   2345 |   2014 |    331 |    323 |   1094 |   2 | 1172.5 |
   Elven Halls |   5157 |   4950 |    207 |   1582 |   1921 |   3 | 1719.0 |
        Vaults |   5372 |   4863 |    509 |    180 |   3163 |   4 | 1343.0 |
        Depths |   5129 |   4537 |    592 |     15 |   3031 |   4 | 1282.2 |
           Zot |   2824 |   2824 |      0 |   1352 |    277 |   5 |  564.8 |
         Abyss |    567 |    567 |      0 |     60 |      0 |   1 |  567.0 |
        Bazaar |     95 |     95 |      0 |      0 |     54 |   1 |   95.0 |
      Ice Cave |    462 |    462 |      0 |    146 |     61 |   1 |  462.0 |
        Wizlab |    137 |    137 |      0 |     12 |      0 |   1 |  137.0 |
               +--------+--------+--------+--------+--------+-----+--------+

Top non-repeatable levels by time:
   Elf:3: 2575 daAuts
  Lair:4: 2203 daAuts
   Zot:5: 2157 daAuts
  Lair:2: 1955 daAuts
  Lair:1: 1913 daAuts
   Orc:2: 1782 daAuts
     D:4: 1609 daAuts
Vaults:1: 1607 daAuts
  Lair:3: 1579 daAuts
   Elf:1: 1547 daAuts
Vaults:4: 1547 daAuts
Depths:1: 1540 daAuts
Vaults:2: 1521 daAuts
Depths:4: 1516 daAuts
  Lair:6: 1423 daAuts
